 Dungeon Crawl Stone Soup version 0.30-a0-170-g85af917532 (webtiles) character file.

Game seed: 8117176214174141422

452408 qw the Slayer (level 24, -21/185 HPs)
             Began as a Gargoyle Fighter on Oct 1, 2022.
             Was a High Priest of Okawaru.
             Killed from afar by a deep elf annihilator (47 damage)
             ... with a crystal spear
             ... on level 5 of the Vaults.
             The game lasted 00:27:38 (42821 turns).

qw the Slayer (Gargoyle Fighter)                   Turns: 42821, Time: 00:27:38

Health: -21/185    AC: 71    Str: 31    XL:     24   Next: 32%
Magic:  24/30      EV: 12    Int:  8    God:    Okawaru [*****.]
Gold:   1772       SH: 40    Dex: 14    Spells: 23/23 levels left

rFire   . . .      SeeInvis .    r - +9 broad axe (vamp)
rCold   . . .      Faith    .    J - +18 shield of the Gong {rElec rN+ Will+ EV-5}
rNeg    + + .      Spirit   .    K - +2 crystal plate armour
rPois   inf        Reflect  +    l - +2 hat {Will+}
rElec   +          Harm     .    C - +2 cloak {Will+}
rCorr   .          Rampage  .    L - +3 pair of gloves of the Loofah {+Inv Dex+5}
Will    ++++.                    x - +2 pair of boots
Stlth   ..........               c - amulet of reflection
HPRegen 0.40/turn                m - +4 ring of evasion
MPRegen 0.22/turn                D - +4 ring of protection

@: about to teleport, heroic, finesse-ful, flying
A: sickness immunity, AC +18, big wings, negative energy resistance 1,
electricity resistance, torment resistance 1, petrification resistance, dopey 1,
sense surroundings 1, robust 1
}: 2/15 runes: decaying, serpentine
a: Renounce Religion, Evoke Invisibility, Heroism, Finesse, Duel


You were on level 5 of the Vaults.
You worshipped Okawaru.
Okawaru was extremely pleased with you.
You visited 8 branches of the dungeon, and saw 40 of its levels.
You also visited: Ossuary and Gauntlet.

You collected 5225 gold pieces.
You spent 3453 gold pieces at shops.


Innate Abilities, Weirdness & Mutations

You are immune to sickness and miasma.
Your stone body is resilient. (AC +18)
You are immune to poison.
Your large and strong wings let you fly.
You resist negative energy. (rN+)
You are resistant to electric shocks. (rElec)
You are resistant to unholy torment.
You are immune to petrification.
You are dopey. (Int -2)
You passively map a small area around you.
You are robust. (+10% HP)


   Skills:
 + Level 22.7(27) Fighting
 - Level 18.0(23.0) Axes
 - Level 13.0(18.0) Throwing
 - Level 22.0(27) Armour
 - Level 9.0(14.0) Dodging
 - Level 19.8(24.8) Shields
 - Level 10.0 Invocations


You had 23 spell levels left.
You didn't know any spells.
Your spell library was empty.

Inventory:

Hand Weapons
 r - a +9 vampiric broad axe (weapon)
 w - the +11 broad axe of Starshine {vorpal, rF+ Str-5 Int+4 SInv}
   (Okawaru gifted it to you on level 5 of the Lair of Beasts)

   It inflicts extra damage upon your enemies.
   Str:       It affects your strength (-5).
   Int:       It affects your intelligence (+4).
   rF:        It protects you from fire.
   SInv:      It lets you see invisible.
Missiles
 h - 9 javelins
 i - 3 boomerangs of dispersal
 B - 24 boomerangs
 E - 6 silver javelins (quivered)
Armour
 l - a +2 hat of willpower (worn)
 o - the +1 scale mail "Joocesaoss" {Rampage rCorr}
   (You found it on level 3 of the Vaults)

   rCorr:     It protects you from acid and corrosion.
   Rampage:   It bestows one free step when moving towards enemies.
 x - a +2 pair of boots (worn)
 y - a +1 tower shield of fire resistance
 C - a +2 cloak of willpower (worn)
 F - a +3 plate armour of fire resistance
 J - the +18 shield of the Gong (worn) {rElec rN+ Will+ EV-5}
   (Okawaru gifted it to you on level 3 of the Vaults)

   It is deafeningly noisy when blocking attacks.
   EV:        It affects your evasion (-5).
   rElec:     It insulates you from electricity.
   rN:        It protects you from negative energy.
   Will:      It increases your willpower.
 K - a +2 crystal plate armour (worn)
 L - the +3 pair of gloves of the Loofah (worn) {+Inv Dex+5}
   (You bought it in a shop on level 3 of the Depths)

   Dex:       It affects your dexterity (+5).
   +Inv:      It lets you turn invisible.
 M - +0 gold dragon scales
Jewellery
 a - a ring of resist corrosion
 c - an amulet of reflection (around neck)
 m - a +4 ring of evasion (left hand)
 t - a ring of protection from fire
 u - a ring of protection from cold
 A - a ring of protection from cold
 D - a +4 ring of protection (right hand)
 G - the ring of the Final Seers {Contam rCorr MP+9 Str+4}
   (You took it off an orc knight on level 11 of the Dungeon)

   [ring of magical power]

   Str:       It affects your strength (+4).
   MP:        It affects your magic capacity (+9).
   Contam:    It causes magical contamination when unequipped.
   rCorr:     It protects you from acid and corrosion.
 N - a ring of protection from fire
Wands
 f - a wand of digging (35)
Scrolls
 n - 21 scrolls of teleportation
 q - 22 scrolls of identify
 I - 4 scrolls of brand weapon
Potions
 b - 13 potions of mutation
 d - 12 potions of might
 e - 3 potions of haste
 g - 4 potions of attraction
 j - 5 potions of lignification
 k - 5 potions of heal wounds
 p - 4 potions of magic
 s - 2 potions of cancellation
 v - 11 potions of curing

Dungeon Overview and Level Annotations

Branches:
Dungeon (15/15)            Temple (1/1) D:4            Lair (5/5) D:10
  Swamp (4/4) Lair:3        Snake (4/4) Lair:3        Slime (0/5) Lair:5
    Orc (2/2) D:11            Elf (0/3) Orc:2        Vaults (5/5) D:13
  Crypt (0/3) Vaults:2     Depths (4/4) D:15            Zot (0/5) Depths:4
Ossuary (visited)         Gauntlet (visited)

Altars:
Ashenzari
Cheibriados
Dithmenos
Elyvilon
Fedhas
Hepliaklqana
Kikubaaqudgha
Makhleb
Nemelex Xobeh
Okawaru
Ru
Sif Muna
Trog
Uskayaw
Vehumet
Wu Jian
Xom
Yredelemnul
Zin
The Shining One

Shops:
D:6 =   D:11 ?   D:13 *   Orc:2 ([*:   Snake:4 :=:?   Vaults:1 (   Vaults:4 :
Depths:3 [

Portals:
Hell: Depths:1 Depths:2 Depths:3 Depths:4
Abyss: Depths:3
Pandemonium: Depths:2 Depths:4
Ziggurat: Depths:1
Trove: D:11 (give +5 fire dragon scales)

Annotations:
D:5 2 runed translucent doors, Dowan, Duvessa
Lair:3 2 transporters, qw's ghost, journeyman GrFi
Lair:4 1 runed translucent door, Zaegoraum's ghost, journeyman DsAK
Lair:5 1 runed translucent door
Swamp:1 1 runed translucent door
Snake:3 2 transporters
Vaults:4 1 transporter


Message History

The bolt of cold hits you!!! You block the vault warden's attack.
BONNNG!
The deep elf annihilator mumbles some strange words.
The deep elf annihilator blinks!
The necromancer is empowered by the deep elf high priest's aura!
You hear a shout! x2
42820 ||| READING 23 scrolls of teleportation.
As you read the scroll of teleportation, it crumbles to dust.
You feel strangely unstable.
The quicksilver dragon breathes dispelling energy at you.
The bolt of dispelling energy hits you but does no damage.
You feel strangely stable. You block the vault warden's attack.
GONNNNG!
You block the deep elf demonologist's attack.
GONNNNG!
You block the golden dragon's attack.
GONNNNG!
The golden dragon claws you but does no damage.
The golden dragon tramples you but does no damage.
The deep elf high priest shoots an arrow.
GONNNNG!
You reflect the arrow off an invisible shield around you!
The arrow closely misses the deep elf high priest.
The arrow hits the frost giant!
You hear a shout! x2
42821 ||| READING 22 scrolls of teleportation.
As you read the scroll of teleportation, it crumbles to dust.
You feel strangely unstable.
The deep elf demonologist hits you but does no damage.
You block the vault warden's attack.
GONNNNG!
You block the golden dragon's attack.
BOUMMMMG!
You block the golden dragon's attack.
PANG!
The golden dragon tramples you but does no damage.
The deep elf annihilator casts a spell at you.
The crystal spear hits you!!!
You die...

, #....#.... ,
#....#... * , ,
. *#..cC#..### ,
,, ,
#.##....#.... ,
#.......... *
##......Ce#####
,
.....<0).......
,
....<.0D[ยค.....
p....oC@[.e.D..
, ,
.....pe.p......
, **
##........#####
...........# , ,
...#....#.#.# ,
...#....##.#.# *
, ..,#....# #.##
* , #....#* ## ,
* , *


You could see a golden dragon (catching breath), 2 frost giants, a fire giant, a
quicksilver dragon (catching breath), a vault warden (empowered), a yaktaur
captain, a vault guard, a deep elf annihilator (empowered), a deep elf
demonologist (empowered), a deep elf high priest (brilliance aura), a
necromancer (empowered) and an orc priest.

Vanquished Creatures
  A dread lich (Vaults:4)
  Mara (Snake:3)
  2 juggernauts
  Boris (Depths:3)
  Frederick (Depths:3)
  Vv (Depths:3)
  Saint Roka (Depths:3)
  7 golden dragons (Depths:3)
  6 tentacled monstrosities
  Rupert (D:13)
  4 liches
  A walking crystal tome (Depths:3)
  Mlioglotl (Snake:2)
  2 walking earthen tomes (Depths:3)
  A walking divine tome (Depths:3)
  A titan (Depths:3)
  3 deep elf master archers (Depths:2)
  A walking frostbound tome (Depths:3)
  Gastronok (Lair:3)
  11 sphinxes
  2 tengu reavers (Depths:3)
  Kirke (D:15)
  2 thorn hunters (Swamp:4)
  7 storm dragons
  7 shadow dragons
  10 nagarajas (Snake:4)
  6 fire giants
  A fire giant (shapeshifter) (Depths:3)
  7 frost giants
  10 vault wardens
  Louise (Snake:4)
  4 iron dragons
  14 ironbound preservers
  An orc warlord (Orc:2)
  Aizul (Snake:2)
  A draconian annihilator (Depths:4)
  A draconian shifter (Depths:4)
  A quicksilver ooze (shapeshifter) (Depths:3)
  36 very ugly things
  21 stone giants
  5 war gargoyles
  3 eleionomae
  3 spriggan defenders (Depths:3)
  7 ironbound thunderhulks
  4 vampire knights
  A purple draconian (Depths:4)
  6 dire elephants
  2 yellow draconians (Depths:4)
  2 black draconians (Depths:4)
  7 bunyips
  A minotaur (Gauntlet)
  3 spark wasps
  4 entropy weavers
  3 crystal guardians (Vaults:4)
  4 jiangshi
  9 fire dragons
  5 great orbs of eyes
  10 yaktaur captains
  10 ettins
  A shambling mangrove (Swamp:1)
  A spriggan zombie (Depths:4)
  Fannar (D:11)
  7 spriggan air magi
  8 ironbound frosthearts
  4 rakshasas (Depths:3)
  An ogre mage (Vaults:5)
  18 hydras
  2 boulder beetles (D:11)
  21 centaur warriors
  2 catoblepae
  27 vault guards
  5 peacekeepers
  10 ice dragons
  18 anacondas
  5 death yaks
  A two-headed ogre (shapeshifter) (Vaults:3)
  Erica (D:8)
  9 two-headed ogres
  22 naga warriors
  4 deep troll shamans (Depths:3)
  10 alligators
  8 tengu warriors
  2 deep troll earth magi
  A spectral dire elephant (Lair:5)
  2 vampire magi
  11 spriggan berserkers
  4 orc high priests (Orc:2)
  2 soul eaters (Depths:2)
  12 naga sharpshooters
  5 shock serpents
  5 hell knights (Depths:3)
  6 sea snakes (Snake:4)
  A storm dragon zombie (Depths:4)
  A goliath frog (Swamp:3)
  4 salamander mystics
  A spectral anaconda (Lair:5)
  4 skeletal warriors (D:15)
  11 swamp dragons
  11 naga ritualists
  50 deep trolls
  7 bog bodies
  12 ironbound convokers
  A flayed ghost (Depths:3)
  An obsidian statue (Lair:5)
  4 glowing orange brains
  4 spriggan druids
  4 deep elf archers (Depths:2)
  7 necromancers
  6 wizards
  8 orc knights
  4 harpies
  A sphinx zombie (Vaults:2)
  A wolf spider (D:15)
  2 phantasmal warriors (Vaults:4)
  17 mana vipers
  12 lindwurms
  A deep elf pyromancer (D:15)
  21 salamanders
  6 manticores
  37 ugly things
  A shining eye (shapeshifter) (Vaults:4)
  A manticore (shapeshifter) (Depths:3)
  8 orc sorcerers
  4 will-o-the-wisps
  A worldbinder (Gauntlet)
  4 cyclopes
  10 elephants (Lair:5)
  3 torpor snails
  48 black mambas
  Maurice (Orc:2)
  20 vault sentinels
  10 guardian serpents
  4 orange demons
  A human skeleton (Vaults:4)
  29 naga magi
  A torpor snail (shapeshifter) (Vaults:3)
  An unseen horror (D:12)
  9 cane toads
  A dire elephant zombie (Lair:5)
  A hellion (Depths:2)
  A stone giant skeleton (Vaults:2)
  3 gargoyles
  22 yaktaurs
  8 komodo dragons
  A komodo dragon (shapeshifter) (Gauntlet)
  7 rime drakes
  3 freezing wraiths
  2 hellwings (Depths:2)
  3 kobold demonologists
  3 tengu conjurers
  8 trolls
  A bloated husk (Swamp:3)
  A polar bear (Lair:1)
  11 hornets
  3 tyrant leeches
  A hornet (shapeshifter) (Depths:3)
  24 slime creatures
  25 blink frogs
  A tarantella (Vaults:5)
  2 stone giant simulacra (Vaults:4)
  A snapping turtle (shapeshifter) (Vaults:5)
  7 dream sheep (Lair:5)
  2 ettin skeletons
  3 culicivoras
  A spriggan (shapeshifter) (Gauntlet)
  11 spriggans
  8 shadows
  55 yaks
  A vampire (D:13)
  4 wraiths (D:11)
  3 water elementals
  A dire elephant simulacrum (Lair:5)
  3 hogs (D:15)
  4 basilisks
  4 wyverns
  2 redbacks (Vaults:1)
  A steam dragon (D:7)
  Grum (D:11)
  A death yak simulacrum (Lair:5)
  17 vampire mosquitoes
  Menkaure (D:5)
  A spectral cane toad (Lair:5)
  10 swamp worms
  3 acid dragons (D:11)
  7 wargs
  65 nagas
  6 swamp drakes
  8 water moccasins
  A glowing shapeshifter skeleton (Vaults:2)
  2 floating eyes (Depths:3)
  45 orc warriors
  3 sky beasts
  6 black bears
  2 ice beasts
  5 ogres
  2 elephant zombies (Lair:5)
  2 boggarts (Gauntlet)
  13 wolves
  10 centaurs
  3 human zombies
  3 phantoms
  6 kobold brigands
  3 elf zombies
  9 scorpions
  11 bullfrogs
  3 necrophages
  An ogre simulacrum (Vaults:2)
  A cane toad simulacrum (Lair:5)
  4 wights (D:10)
  A killer bee (D:11)
  3 elephant simulacra (Lair:5)
  2 electric eels
  6 howler monkeys
  3 jellies
  3 centaur zombies (Ossuary)
  4 hounds
  24 orc priests
  Ijyb (D:5)
  An iron imp (D:5)
  40 orc wizards
  11 hell rats
  3 hound zombies (Ossuary)
  3 mummies (Ossuary)
  4 gnolls (D:5)
  7 adders
  A shadow imp (D:7)
  A white imp (D:7)
  2 ufetubi
  2 adder zombies (Ossuary)
  3 worms
  100 orcs
  8 endoplasms
  A giant cockroach (D:1)
  12 goblins
  13 hobgoblins
  A quokka (D:1)
  5 ball pythons
  2 bats
  3 frilled lizards
  3 gnoll zombies (Ossuary)
  4 goblin zombies (Ossuary)
  4 hobgoblin zombies (Ossuary)
  2 jackal zombies (Ossuary)
  16 kobolds
  A kobold zombie (Ossuary)
  6 quokka zombies (Ossuary)
  6 rats
  5 rat zombies (Ossuary)
  5 briar patches (Swamp:4)
1722 creatures vanquished.

Vanquished Creatures (others)
  A black mamba (Snake:4)
  A bloated husk (Swamp:1)
  A naga (Snake:3)
  An orc warrior (Vaults:5)
  2 orc wizards (Orc:2)
  A kobold (D:8)
  2 briar patches (Swamp:4)
  A demonic plant (Gauntlet)
  17 foxfires
  29 fungi
  50 plants
  26 withered plants (Lair:5)
132 creatures vanquished.

Grand Total: 1854 creatures vanquished

Notes
Turn   | Place    | Note
-------+----------+-------------------------------------------
     0 | D:1      | qw the Gargoyle Fighter began the quest for the Orb.
     0 | D:1      | Reached XP level 1. HP: 14/14 MP: 1/1
     0 | D:1      | 0 ||| qw: Version: 0.2-a-13-gfc7b4b4
     0 | D:1      | 0 ||| qw: Game counter: 1751
     0 | D:1      | 0 ||| qw: Always use a shield: true
     0 | D:1      | 0 ||| qw: God list: Okawaru
     0 | D:1      | 0 ||| qw: Allow faded altars: false
     0 | D:1      | 0 ||| qw: Do Orc after D:15 true
     0 | D:1      | 0 ||| qw: Do second Lair branch before Depths: true
     0 | D:1      | 0 ||| qw: Lair rune preference: random
     0 | D:1      | 0 ||| qw: Plans: Normal, Zot:1-4, God:TSO, Crypt, Tomb,
                  | Pan, Slime:5, Hells, Abyss, Orb
     0 | D:1      | 0 ||| PLANNING D:1-11
    34 | D:1      | 34 ||| Stepping ~*~*~tactically~*~*~ (stealth).
   270 | D:1      | Reached XP level 2. HP: 16/19 MP: 2/2
   327 | D:1      | 327 ||| Stepping ~*~*~tactically~*~*~ (stealth).
   328 | D:1      | 328 ||| Stepping ~*~*~tactically~*~*~ (stealth).
   329 | D:1      | 329 ||| Stepping ~*~*~tactically~*~*~ (stealth).
   337 | D:1      | 337 ||| Stepping ~*~*~tactically~*~*~ (stealth).
   470 | D:1      | 470 ||| DROPPING +0 club.
   962 | D:1      | Found a faded altar of an unknown god.
  1096 | D:1      | 1096 ||| DROPPING orb of energy.
  1097 | D:1      | 1097 ||| UPGRADING to +0 pair of gloves.
  1102 | D:1      | 1102 ||| UPGRADING to ring of protection from cold.
  1103 | D:1      | 1103 ||| READING scroll labelled OCYTHI LANNEVU.
  1104 | D:1      | 1104 ||| READING scroll labelled OFIDOMOX JONATS.
  1108 | D:1      | 1108 ||| READING scroll labelled TASHAIS RURCH.
  1109 | D:1      | 1109 ||| READING scroll labelled HAL JYBEIT.
  1110 | D:1      | 1110 ||| READING scroll labelled XOAMPI JUQOJIPH.
  1131 | D:2      | 1131 ||| STAIRDANCE
  1138 | D:1      | Reached skill level 3 in Axes
  1142 | D:2      | Reached XP level 3. HP: 23/23 MP: 3/3
  1165 | D:2      | 1165 ||| Stepping ~*~*~tactically~*~*~ (stealth).
  1212 | D:2      | 1212 ||| DROPPING +0 whip.
  1814 | D:2      | 1814 ||| UPGRADING to ring of protection from cold.
  1815 | D:2      | 1815 ||| READING scroll labelled TAUDIS JIS KAE.
  1916 | D:2      | 1916 ||| READING scroll labelled SOEPUK OSAEL.
  1966 | D:2      | 1966 ||| READING scroll labelled ITSOOSHIUT.
  1967 | D:2      | 1967 ||| READING scroll labelled COMAID KAIKH.
  1968 | D:2      | 1968 ||| DRINKING 2 yellow potions.
  2023 | D:3      | Reached XP level 4. HP: 28/28 MP: 4/4
  2286 | D:3      | Found a broken altar of Ashenzari.
  2405 | D:3      | 2405 ||| Stepping ~*~*~tactically~*~*~ (stealth).
  2419 | D:3      | 2419 ||| Stepping ~*~*~tactically~*~*~ (stealth).
  2561 | D:3      | 2561 ||| Stepping ~*~*~tactically~*~*~ (stealth).
  2567 | D:3      | 2567 ||| Stepping ~*~*~tactically~*~*~ (stealth).
  2627 | D:3      | 2627 ||| Stepping ~*~*~tactically~*~*~ (stealth).
  2674 | D:3      | 2674 ||| FLEEEEING.
  2675 | D:3      | 2675 ||| FLEEEEING.
  2677 | D:3      | 2677 ||| FLEEEEING.
  2678 | D:3      | 2678 ||| FLEEEEING.
  2679 | D:3      | 2679 ||| FLEEEEING.
  2680 | D:3      | 2680 ||| FLEEEEING.
  2681 | D:3      | 2681 ||| FLEEEEING.
  2682 | D:3      | 2682 ||| FLEEEEING.
  2683 | D:3      | 2683 ||| FLEEEEING.
  2684 | D:3      | 2684 ||| FLEEEEING.
  2685 | D:3      | 2685 ||| FLEEEEING.
  2686 | D:3      | 2686 ||| FLEEEEING.
  2687 | D:3      | 2687 ||| FLEEEEING.
  2688 | D:3      | 2688 ||| FLEEEEING.
  2689 | D:3      | 2689 ||| FLEEEEING.
  2690 | D:3      | 2690 ||| FLEEEEING.
  2691 | D:3      | 2691 ||| FLEEEEING.
  2692 | D:3      | 2692 ||| FLEEEEING.
  3145 | D:3      | Found an ancient bone altar of Kikubaaqudgha.
  3279 | D:3      | 3279 ||| UPGRADING to +0 chain mail.
  3289 | D:3      | 3289 ||| DROPPING +0 scale mail.
  3290 | D:3      | 3290 ||| READING scroll labelled YCOWAST MIKERR.
  3291 | D:3      | 3291 ||| READING scroll labelled QANAEZO RAUL.
  3292 | D:3      | 3292 ||| READING scroll labelled DAS IQAW BUWAO.
  3319 | D:4      | 3319 ||| READING scroll of enchant weapon.
  3319 | D:4      | 3319 ||| ENCHANTING +1 war axe.
  3322 | D:4      | 3322 ||| READING 3 scrolls of enchant weapon.
  3322 | D:4      | 3322 ||| ENCHANTING +2 war axe.
  3323 | D:4      | 3323 ||| READING 2 scrolls of enchant weapon.
  3323 | D:4      | 3323 ||| ENCHANTING +3 war axe.
  3324 | D:4      | 3324 ||| READING scroll of enchant weapon.
  3324 | D:4      | 3324 ||| ENCHANTING +4 war axe.
  3395 | D:4      | Reached XP level 5. HP: 29/32 MP: 5/5
  3591 | D:4      | Noticed an ogre
  3599 | D:4      | Killed an ogre
  3642 | D:4      | Reached XP level 6. HP: 20/38 MP: 6/6
  3796 | D:4      | Found a shimmering altar of Xom.
  3850 | D:4      | Found a burning altar of Makhleb.
  3862 | D:4      | Found a staircase to the Ecumenical Temple.
  3863 | D:4      | 3863 ||| PLANNING TEMPLE
  3863 | D:4      | 3863 ||| FLEEEEING.
  3864 | D:4      | 3864 ||| FLEEEEING.
  3867 | D:4      | 3867 ||| FLEEEEING.
  3868 | D:4      | 3868 ||| FLEEEEING.
  3869 | D:4      | 3869 ||| FLEEEEING.
  3870 | D:4      | 3870 ||| FLEEEEING.
  3976 | Temple   | Entered the Ecumenical Temple
  4087 | Temple   | 4087 ||| PLANNING D:1-11
  4106 | D:4      | 4106 ||| Stepping ~*~*~tactically~*~*~ (stealth).
  4110 | D:4      | 4110 ||| Stepping ~*~*~tactically~*~*~ (stealth).
  4111 | D:4      | 4111 ||| Stepping ~*~*~tactically~*~*~ (stealth).
  4123 | D:4      | Reached skill level 6 in Axes
  4300 | D:4      | Reached XP level 7. HP: 43/43 MP: 7/7
  4478 | D:4      | Reached skill level 1 in Dodging
  4518 | D:4      | 4518 ||| READING scroll labelled CACADA OXZOSE.
  4519 | D:4      | 4519 ||| READING scroll labelled QYN WIMNUTEIMO.
  4520 | D:4      | 4520 ||| DRINKING 3 sedimented grey potions.
  4520 | D:4      | Gained mutation: You passively map a small area around you.
                  | [potion of mutation]
  4520 | D:4      | Gained mutation: You are robust. (+10% HP) [potion of
                  | mutation]
  4568 | D:5      | Entered Level 5 of the Dungeon
  4569 | D:5      | 4569 ||| PLANNING OSSUARY
  4633 | D:5      | Noticed Menkaure
  4634 | D:5      | 4634 ||| Stepping ~*~*~tactically~*~*~ (hiding).
  4635 | D:5      | 4635 ||| Stepping ~*~*~tactically~*~*~ (hiding).
  4644 | D:5      | Killed Menkaure
  4921 | D:5      | 4921 ||| Stepping ~*~*~tactically~*~*~ (stealth).
  4929 | D:5      | 4929 ||| Stepping ~*~*~tactically~*~*~ (stealth).
  4930 | D:5      | 4930 ||| Stepping ~*~*~tactically~*~*~ (stealth).
  4941 | D:5      | Reached XP level 8. HP: 53/53 MP: 8/8
  4960 | D:5      | Noticed Ijyb
  4965 | D:5      | Killed Ijyb
  4971 | D:5      | 4971 ||| Stepping ~*~*~tactically~*~*~ (stealth).
  4972 | D:5      | 4972 ||| Stepping ~*~*~tactically~*~*~ (stealth).
  4978 | D:5      | 4978 ||| Stepping ~*~*~tactically~*~*~ (stealth).
  4987 | D:5      | 4987 ||| Stepping ~*~*~tactically~*~*~ (stealth).
  5023 | D:5      | Found a glowing golden altar of the Shining One.
  5060 | D:5      | Found a snail-covered altar of Cheibriados.
  5183 | D:5      | Found a large runed translucent door.
  5184 | D:5      | Found a large runed translucent door.
  5184 | D:5      | Noticed Duvessa
  5212 | D:5      | Noticed Dowan
  5246 | D:5      | Found a sand-covered staircase.
  5247 | D:5      | 5247 ||| READING scroll labelled LEEMEU XOETTE.
  5248 | D:5      | 5248 ||| READING 2 scrolls of identify.
  5248 | D:5      | 5248 ||| IDENTIFYING coppery potion
  5249 | D:5      | 5249 ||| DROPPING potion of brilliance.
  5266 | Ossuary  | Entered an ossuary
  5417 | Ossuary  | Reached skill level 6 in Fighting
  5752 | Ossuary  | 5752 ||| DRINKING 2 metallic emerald potions.
  5763 | D:5      | 5763 ||| PLANNING D:1-11
  5863 | D:6      | Found Ylairum's Jewellery Shoppe.
  5866 | D:6      | 5866 ||| SHOPLISTING amulet of reflection (450 gold, have
                  | 393).
  5866 | D:6      | 5866 ||| BUYING ring of positive energy (300 gold).
  5866 | D:6      | Bought a ring of positive energy for 300 gold pieces
  5866 | D:6      | 5866 ||| SHOPLISTING ring of protection from fire (375
                  | gold, have 93).
  5892 | D:6      | Found a white marble altar of Elyvilon.
  6025 | D:6      | Reached skill level 9 in Axes
  6025 | D:6      | Reached XP level 9. HP: 57/60 MP: 9/9
  6346 | D:6      | 6346 ||| Stepping ~*~*~tactically~*~*~ (hiding).
  6735 | D:7      | HP: 10/62 [orc warrior/+0 mace (13)]
  6736 | D:7      | 6736 ||| READING 3 scrolls of teleportation.
  6737 | D:7      | 6737 ||| DRINKING 3 potions of heal wounds.
  6739 | D:7      | 6739 ||| DRINKING 2 potions of heal wounds.
  6745 | D:7      | 6745 ||| Stepping ~*~*~tactically~*~*~ (hiding).
  6746 | D:7      | 6746 ||| Stepping ~*~*~tactically~*~*~ (hiding).
  6747 | D:7      | 6747 ||| FLEEEEING.
  6748 | D:7      | 6748 ||| Stepping ~*~*~tactically~*~*~ (hiding).
  6750 | D:7      | 6750 ||| FLEEEEING.
  6751 | D:7      | 6751 ||| FLEEEEING.
  6754 | D:7      | 6754 ||| FLEEEEING.
  6755 | D:7      | 6755 ||| FLEEEEING.
  6756 | D:7      | 6756 ||| FLEEEEING.
  6757 | D:7      | 6757 ||| STAIRDANCE
  6907 | D:7      | 6907 ||| STAIRDANCE
  7170 | D:7      | 7170 ||| Stepping ~*~*~tactically~*~*~ (stealth).
  7171 | D:7      | 7171 ||| Stepping ~*~*~tactically~*~*~ (hiding).
  7179 | D:7      | Reached skill level 1 in Throwing
  7216 | D:7      | 7216 ||| FLEEEEING.
  7217 | D:7      | 7217 ||| FLEEEEING.
  7220 | D:7      | 7220 ||| FLEEEEING.
  7221 | D:7      | 7221 ||| FLEEEEING.
  7222 | D:7      | 7222 ||| FLEEEEING.
  7223 | D:7      | 7223 ||| FLEEEEING.
  7224 | D:7      | 7224 ||| FLEEEEING.
  7225 | D:7      | 7225 ||| STAIRDANCE
  7331 | D:6      | 7331 ||| DRINKING 2 amethyst potions.
  7332 | D:6      | 7332 ||| DROPPING potion of degeneration.
  7345 | D:7      | 7345 ||| Stepping ~*~*~tactically~*~*~ (stealth).
  7352 | D:7      | 7352 ||| Stepping ~*~*~tactically~*~*~ (stealth).
  7357 | D:7      | 7357 ||| Stepping ~*~*~tactically~*~*~ (stealth).
  7360 | D:7      | 7360 ||| Stepping ~*~*~tactically~*~*~ (hiding).
  7362 | D:7      | 7362 ||| Stepping ~*~*~tactically~*~*~ (hiding).
  7363 | D:7      | 7363 ||| Stepping ~*~*~tactically~*~*~ (hiding).
  7377 | D:7      | 7377 ||| DRINKING potion of curing.
  7377 | D:7      | 7377 ||| (to cure confusion)
  7397 | D:7      | 7397 ||| READING scroll of enchant weapon.
  7397 | D:7      | 7397 ||| ENCHANTING +5 war axe.
  7598 | D:7      | Reached XP level 10. HP: 70/70 MP: 10/10
  7599 | D:7      | 7599 ||| Stepping ~*~*~tactically~*~*~ (hiding).
  7694 | D:7      | 7694 ||| READING 4 scrolls of identify.
  7694 | D:7      | 7694 ||| IDENTIFYING inky potion
  7695 | D:7      | 7695 ||| READING 3 scrolls of identify.
  7695 | D:7      | 7695 ||| IDENTIFYING fuming pink potion
  7696 | D:7      | 7696 ||| READING 2 scrolls of identify.
  7696 | D:7      | 7696 ||| IDENTIFYING fuming golden potion
  7697 | D:7      | 7697 ||| DROPPING potion of flight.
  7742 | D:8      | 7742 ||| Stepping ~*~*~tactically~*~*~ (stealth).
  7776 | D:8      | 7776 ||| FLEEEEING.
  7777 | D:8      | 7777 ||| FLEEEEING.
  7778 | D:8      | 7778 ||| STAIRDANCE
  7939 | D:8      | 7939 ||| STAIRDANCE
  7957 | D:8      | Found an iron altar of Okawaru.
  7958 | D:8      | 7958 ||| PLANNING OKAWARU WORSHIP
  7960 | D:8      | 7960 ||| Stepping ~*~*~tactically~*~*~ (water).
  7976 | D:8      | 7976 ||| FLEEEEING.
  8034 | D:8      | Became a worshipper of Warmaster Okawaru
  8035 | D:8      | 8035 ||| PLANNING D:1-11
  8094 | D:8      | Found a sacrificial altar of Ru.
  8167 | D:8      | Found an ornate altar of the Wu Jian Council.
  8202 | D:8      | Found a shadowy altar of Dithmenos.
  8312 | D:8      | 8312 ||| DROPPING +0 flail.
  8346 | D:8      | Found a radiant altar of Vehumet.
  8385 | D:8      | Noticed Erica
  8400 | D:8      | Killed Erica
  8566 | D:8      | 8566 ||| Stepping ~*~*~tactically~*~*~ (stealth).
  8878 | D:8      | 8878 ||| DROPPING +0 scale mail of poison resistance.
  8879 | D:8      | 8879 ||| READING scroll labelled NOQ YTZABE.
  8880 | D:8      | 8880 ||| READING 3 scrolls of identify.
  8880 | D:8      | 8880 ||| IDENTIFYING brown potion
  8881 | D:8      | 8881 ||| READING 2 scrolls of identify.
  8881 | D:8      | 8881 ||| IDENTIFYING viscous green potion
  8905 | D:9      | 8905 ||| STAIRDANCE
  8911 | D:8      | Reached * piety under Okawaru
  8925 | D:9      | 8925 ||| STAIRDANCE
  8936 | D:8      | Reached skill level 1 in Invocations
  9141 | D:9      | Found a bloodstained altar of Trog.
  9185 | D:9      | Noticed a two-headed ogre
  9186 | D:9      | 9186 ||| INVOKING Heroism.
  9196 | D:9      | Killed a two-headed ogre
  9196 | D:9      | Reached ** piety under Okawaru
  9197 | D:9      | Reached skill level 9 in Fighting
  9197 | D:9      | Reached skill level 3 in Invocations
  9562 | D:9      | Noticed a two-headed ogre
  9563 | D:9      | 9563 ||| INVOKING Heroism.
  9569 | D:9      | Killed a two-headed ogre
  9570 | D:9      | Reached XP level 11. HP: 78/78 MP: 10/14
  9668 | D:9      | Noticed a +0 short sword
  9669 | D:9      | Noticed a +0 falchion
  9669 | D:9      | Noticed a +0 dagger
  9669 | D:9      | Noticed a +0 short sword
  9670 | D:9      | Noticed a +0 spear
  9670 | D:9      | Noticed a +0 falchion
  9670 | D:9      | Noticed a +0 dagger
  9679 | D:9      | Noticed a +0 spear
  9706 | D:9      | Found a hide-covered altar of Uskayaw.
  9866 | D:9      | 9866 ||| UPGRADING to amulet of regeneration.
  9871 | D:9      | 9871 ||| READING 2 scrolls of identify.
  9871 | D:9      | 9871 ||| IDENTIFYING purple potion
  9897 | D:10     | Entered Level 10 of the Dungeon
  9981 | D:10     | 9981 ||| Stepping ~*~*~tactically~*~*~ (stealth).
  9988 | D:10     | Reached skill level 6 in Armour
 10036 | D:10     | 10036 ||| INVOKING Heroism.
 10077 | D:10     | 10077 ||| Stepping ~*~*~tactically~*~*~ (hiding).
 10186 | D:10     | Found a staircase to the Lair.
 10187 | D:10     | 10187 ||| INVOKING Heroism.
 10234 | D:10     | Reached *** piety under Okawaru
 10329 | D:10     | 10329 ||| INVOKING Heroism.
 10493 | D:10     | 10493 ||| PLANNING LAIR
 10493 | D:10     | 10493 ||| UPGRADING to +0 plate armour.
 10503 | D:10     | 10503 ||| DROPPING +0 chain mail.
 10542 | Lair:1   | Entered Level 1 of the Lair of Beasts
 10574 | Lair:1   | 10574 ||| INVOKING Heroism.
 10603 | Lair:1   | 10603 ||| INVOKING Heroism.
 10615 | Lair:1   | Reached skill level 12 in Axes
 10635 | Lair:1   | 10635 ||| INVOKING Heroism.
 10655 | Lair:1   | 10655 ||| READING scroll of enchant armour.
 10655 | Lair:1   | 10655 ||| ENCHANTING +0 pair of gloves.
 10818 | Lair:1   | 10818 ||| Stepping ~*~*~tactically~*~*~ (stealth).
 10825 | Lair:1   | 10825 ||| INVOKING Heroism.
 11126 | Lair:1   | Found a frozen archway.
 11243 | Lair:1   | 11243 ||| READING 3 scrolls of identify.
 11243 | Lair:1   | 11243 ||| IDENTIFYING smoky green potion
 11244 | Lair:1   | 11244 ||| DROPPING potion of ambrosia.
 11276 | Lair:2   | 11276 ||| Stepping ~*~*~tactically~*~*~ (stealth).
 11280 | Lair:2   | 11280 ||| Stepping ~*~*~tactically~*~*~ (stealth).
 11316 | Lair:2   | 11316 ||| Stepping ~*~*~tactically~*~*~ (stealth).
 11322 | Lair:2   | 11322 ||| INVOKING Heroism.
 11327 | Lair:2   | Reached skill level 6 in Shields
 11347 | Lair:2   | 11347 ||| Stepping ~*~*~tactically~*~*~ (stealth).
 11349 | Lair:2   | 11349 ||| Stepping ~*~*~tactically~*~*~ (stealth).
 11354 | Lair:2   | 11354 ||| INVOKING Heroism.
 11393 | Lair:2   | Reached **** piety under Okawaru
 11464 | Lair:2   | 11464 ||| INVOKING Heroism.
 11521 | Lair:2   | 11521 ||| INVOKING Heroism.
 11713 | Lair:2   | 11713 ||| Stepping ~*~*~tactically~*~*~ (stealth).
 11725 | Lair:2   | 11725 ||| INVOKING Heroism.
 11735 | Lair:2   | Reached XP level 12. HP: 81/84 MP: 14/16
 11760 | Lair:2   | 11760 ||| INVOKING Heroism.
 11810 | Lair:2   | 11810 ||| INVOKING Heroism.
 11826 | Lair:2   | Reached skill level 6 in Invocations
 12135 | Lair:2   | 12135 ||| UPGRADING to +6 ring of dexterity.
 12137 | Lair:2   | 12137 ||| READING 3 scrolls of identify.
 12137 | Lair:2   | 12137 ||| IDENTIFYING grey potion
 12138 | Lair:2   | 12138 ||| DROPPING potion of invisibility.
 12171 | Lair:2   | 12171 ||| Stepping ~*~*~tactically~*~*~ (stealth).
 12173 | Lair:2   | 12173 ||| INVOKING Heroism.
 12174 | Lair:2   | 12174 ||| Stepping ~*~*~tactically~*~*~ (stealth).
 12209 | Lair:2   | 12209 ||| INVOKING Heroism.
 12230 | Lair:3   | Noticed qw's ghost (journeyman GrFi)
 12235 | Lair:3   | Found a transporter.
 12239 | Lair:3   | Noticed a spriggan berserker
 12244 | Lair:3   | Found a bloodstained altar of Trog.
 12251 | Lair:3   | Found a transporter.
 12268 | Lair:3   | Reached skill level 3 in Dodging
 12350 | Lair:3   | 12350 ||| Stepping ~*~*~tactically~*~*~ (stealth).
 12352 | Lair:3   | 12352 ||| Stepping ~*~*~tactically~*~*~ (stealth).
 12356 | Lair:3   | 12356 ||| Stepping ~*~*~tactically~*~*~ (stealth).
 12373 | Lair:3   | 12373 ||| Stepping ~*~*~tactically~*~*~ (hiding).
 12476 | Lair:3   | 12476 ||| Stepping ~*~*~tactically~*~*~ (stealth).
 12476 | Lair:3   | Found a staircase to the Swamp.
 12553 | Lair:3   | Noticed a death yak
 12553 | Lair:3   | Noticed a death yak
 12553 | Lair:3   | Noticed a death yak
 12554 | Lair:3   | 12554 ||| Stepping ~*~*~tactically~*~*~ (hiding).
 12555 | Lair:3   | 12555 ||| INVOKING Heroism.
 12567 | Lair:3   | Killed a death yak
 12567 | Lair:3   | Reached ***** piety under Okawaru
 12568 | Lair:3   | 12568 ||| INVOKING Finesse.
 12576 | Lair:3   | Killed a death yak
 12580 | Lair:3   | Killed a death yak
 12630 | Lair:3   | Noticed Gastronok
 12631 | Lair:3   | 12631 ||| Stepping ~*~*~tactically~*~*~ (hiding).
 12632 | Lair:3   | 12632 ||| Stepping ~*~*~tactically~*~*~ (hiding).
 12634 | Lair:3   | 12634 ||| INVOKING Heroism.
 12649 | Lair:3   | Killed Gastronok
 12691 | Lair:3   | Noticed a seven-headed hydra
 12692 | Lair:3   | 12692 ||| Stepping ~*~*~tactically~*~*~ (stealth).
 12694 | Lair:3   | 12694 ||| INVOKING Heroism.
 12695 | Lair:3   | 12695 ||| SWAPPING to +0 morningstar.
 12696 | Lair:3   | 12696 ||| INVOKING Finesse.
 12700 | Lair:3   | Killed a seven-headed hydra
 12700 | Lair:3   | Received a gift from Okawaru
 12701 | Lair:3   | Reached skill level 9 in Invocations
 12701 | Lair:3   | 12701 ||| SWAPPING to +6 war axe.
 12765 | Lair:3   | Found a staircase to the Snake Pit.
 12780 | Lair:3   | 12780 ||| INVOKING Heroism.
 12878 | Lair:3   | 12878 ||| Stepping ~*~*~tactically~*~*~ (stealth).
 12880 | Lair:3   | 12880 ||| INVOKING Heroism.
 12881 | Lair:3   | 12881 ||| Stepping ~*~*~tactically~*~*~ (stealth).
 12882 | Lair:3   | 12882 ||| Stepping ~*~*~tactically~*~*~ (stealth).
 12901 | Lair:3   | Received a gift from Okawaru
 12902 | Lair:3   | Reached skill level 3 in Throwing
 13311 | Lair:3   | 13311 ||| UPGRADING to +1 hat of willpower.
 13365 | Lair:4   | 13365 ||| INVOKING Heroism.
 13367 | Lair:4   | Reached XP level 13. HP: 83/90 MP: 17/20
 13384 | Lair:4   | Reached skill level 9 in Armour
 13446 | Lair:4   | 13446 ||| INVOKING Heroism.
 13535 | Lair:4   | Found a dark tunnel.
 13555 | Lair:4   | 13555 ||| INVOKING Heroism.
 13589 | Lair:4   | Found a runed translucent door.
 13589 | Lair:4   | Found a shimmering altar of Xom.
 13589 | Lair:4   | Noticed Zaegoraum's ghost (journeyman DsAK)
 13724 | Lair:4   | 13724 ||| INVOKING Heroism.
 13888 | Lair:4   | 13888 ||| INVOKING Heroism.
 13889 | Lair:4   | 13889 ||| INVOKING Finesse.
 14325 | Lair:5   | Entered Level 5 of the Lair of Beasts
 14342 | Lair:5   | 14342 ||| FLEEEEING.
 14343 | Lair:5   | 14343 ||| FLEEEEING.
 14344 | Lair:5   | 14344 ||| FLEEEEING.
 14345 | Lair:5   | 14345 ||| STAIRDANCE
 14433 | Lair:5   | 14433 ||| STAIRDANCE
 14523 | Lair:5   | 14523 ||| STAIRDANCE
 14636 | Lair:5   | 14636 ||| INVOKING Heroism.
 14724 | Lair:5   | 14724 ||| Stepping ~*~*~tactically~*~*~ (stealth).
 14726 | Lair:5   | 14726 ||| Stepping ~*~*~tactically~*~*~ (stealth).
 14728 | Lair:5   | 14728 ||| Stepping ~*~*~tactically~*~*~ (stealth).
 14730 | Lair:5   | 14730 ||| Stepping ~*~*~tactically~*~*~ (stealth).
 14732 | Lair:5   | 14732 ||| Stepping ~*~*~tactically~*~*~ (stealth).
 14734 | Lair:5   | 14734 ||| Stepping ~*~*~tactically~*~*~ (stealth).
 14736 | Lair:5   | 14736 ||| Stepping ~*~*~tactically~*~*~ (stealth).
 14738 | Lair:5   | 14738 ||| Stepping ~*~*~tactically~*~*~ (stealth).
 14744 | Lair:5   | 14744 ||| Stepping ~*~*~tactically~*~*~ (stealth).
 14745 | Lair:5   | 14745 ||| Stepping ~*~*~tactically~*~*~ (stealth).
 14752 | Lair:5   | 14752 ||| Stepping ~*~*~tactically~*~*~ (stealth).
 14753 | Lair:5   | 14753 ||| Stepping ~*~*~tactically~*~*~ (stealth).
 14773 | Lair:5   | Identified the +11 broad axe of Starshine {vorpal, rF+
                  | Str-5 Int+4 SInv} (Okawaru gifted it to you on level 5 of
                  | the Lair of Beasts)
 14773 | Lair:5   | Received a gift from Okawaru
 14774 | Lair:5   | 14774 ||| Stepping ~*~*~tactically~*~*~ (stealth).
 14777 | Lair:5   | 14777 ||| Stepping ~*~*~tactically~*~*~ (stealth).
 14778 | Lair:5   | 14778 ||| Stepping ~*~*~tactically~*~*~ (stealth).
 14800 | Lair:5   | 14800 ||| Stepping ~*~*~tactically~*~*~ (stealth).
 14826 | Lair:5   | 14826 ||| SWAPPING to +11 broad axe of Starshine {vorpal,
                  | rF+ Str-5 Int+4 SInv}.
 14827 | Lair:5   | 14827 ||| DROPPING +6 war axe.
 14844 | Lair:5   | 14844 ||| Stepping ~*~*~tactically~*~*~ (stealth).
 14848 | Lair:5   | 14848 ||| INVOKING Heroism.
 14874 | Lair:5   | 14874 ||| INVOKING Heroism.
 14876 | Lair:5   | 14876 ||| Stepping ~*~*~tactically~*~*~ (stealth).
 14878 | Lair:5   | 14878 ||| Stepping ~*~*~tactically~*~*~ (stealth).
 14917 | Lair:5   | Found a runed translucent door.
 14917 | Lair:5   | Found a staircase to the Slime Pits.
 14917 | Lair:5   | Noticed an acid blob
 14917 | Lair:5   | Noticed an acid blob
 15001 | Lair:5   | 15001 ||| INVOKING Heroism.
 15002 | Lair:5   | 15002 ||| Stepping ~*~*~tactically~*~*~ (stealth).
 15067 | Lair:5   | 15067 ||| INVOKING Heroism.
 15102 | Lair:5   | 15102 ||| Stepping ~*~*~tactically~*~*~ (stealth).
 15107 | Lair:5   | 15107 ||| Stepping ~*~*~tactically~*~*~ (stealth).
 15116 | Lair:5   | Received a gift from Okawaru
 15151 | Lair:5   | 15151 ||| INVOKING Heroism.
 15188 | Lair:5   | Noticed a dire elephant
 15188 | Lair:5   | Noticed a dire elephant
 15213 | Lair:5   | 15213 ||| INVOKING Heroism.
 15414 | Lair:5   | 15414 ||| Stepping ~*~*~tactically~*~*~ (stealth).
 15807 | Lair:5   | 15807 ||| INVOKING Heroism.
 15809 | Lair:5   | Gained mutation: Your large and strong wings let you fly.
                  | [Gargoyle growth]
 15809 | Lair:5   | Reached XP level 14. HP: 39/99 MP: 18/21
 15884 | Lair:5   | 15884 ||| Stepping ~*~*~tactically~*~*~ (stealth).
 15923 | Lair:5   | 15923 ||| Stepping ~*~*~tactically~*~*~ (hiding).
 15924 | Lair:5   | 15924 ||| INVOKING Heroism.
 15935 | Lair:5   | Reached skill level 15 in Axes
 16049 | Lair:5   | 16049 ||| Stepping ~*~*~tactically~*~*~ (hiding).
 16052 | Lair:5   | 16052 ||| INVOKING Heroism.
 16072 | Lair:5   | Killed a dire elephant
 16078 | Lair:5   | Identified the +1 ring mail "Pyffun" {rElec rN+ Slay+6}
                  | (Okawaru gifted it to you on level 5 of the Lair of Beasts)
 16078 | Lair:5   | Received a gift from Okawaru
 16087 | Lair:5   | Killed a dire elephant
 16189 | Lair:5   | 16189 ||| INVOKING Heroism.
 16190 | Lair:5   | 16190 ||| INVOKING Finesse.
 16208 | Lair:5   | Reached skill level 12 in Fighting
 16254 | Lair:5   | 16254 ||| INVOKING Heroism.
 16255 | Lair:5   | 16255 ||| INVOKING Finesse.
 16321 | Lair:5   | 16321 ||| INVOKING Finesse.
 16366 | Lair:5   | 16366 ||| INVOKING Heroism.
 16378 | Lair:5   | 16378 ||| FLEEEEING.
 16379 | Lair:5   | 16379 ||| FLEEEEING.
 16380 | Lair:5   | 16380 ||| FLEEEEING.
 16381 | Lair:5   | 16381 ||| FLEEEEING.
 16382 | Lair:5   | 16382 ||| FLEEEEING.
 16383 | Lair:5   | 16383 ||| FLEEEEING.
 16438 | Lair:5   | 16438 ||| INVOKING Heroism.
 16439 | Lair:5   | 16439 ||| INVOKING Finesse.
 16589 | Lair:5   | 16589 ||| PLANNING D:1-11
 16589 | Lair:5   | 16589 ||| UPGRADING to +2 buckler of positive energy.
 16599 | Lair:5   | 16599 ||| DROPPING +0 buckler.
 16788 | D:11     | Noticed Fannar
 16789 | D:11     | 16789 ||| INVOKING Heroism.
 16801 | D:11     | Killed Fannar
 16808 | D:11     | 16808 ||| Stepping ~*~*~tactically~*~*~ (hiding).
 16811 | D:11     | 16811 ||| Stepping ~*~*~tactically~*~*~ (hiding).
 16925 | D:11     | 16925 ||| INVOKING Heroism.
 16974 | D:11     | 16974 ||| Stepping ~*~*~tactically~*~*~ (stealth).
 16989 | D:11     | 16989 ||| Stepping ~*~*~tactically~*~*~ (stealth).
 16993 | D:11     | Found a staircase to the Orcish Mines.
 17000 | D:11     | 17000 ||| Stepping ~*~*~tactically~*~*~ (stealth).
 17009 | D:11     | 17009 ||| Stepping ~*~*~tactically~*~*~ (stealth).
 17023 | D:11     | 17023 ||| INVOKING Heroism.
 17024 | D:11     | 17024 ||| INVOKING Finesse.
 17026 | D:11     | 17026 ||| SWAPPING to +0 morningstar.
 17043 | D:11     | 17043 ||| SWAPPING to +11 broad axe of Starshine {vorpal,
                  | rF+ Str-5 Int+4 SInv}.
 17086 | D:11     | 17086 ||| Stepping ~*~*~tactically~*~*~ (hiding).
 17098 | D:11     | 17098 ||| READING 10 scrolls of teleportation.
 17100 | D:11     | 17100 ||| Stepping ~*~*~tactically~*~*~ (hiding).
 17102 | D:11     | 17102 ||| INVOKING Heroism.
 17103 | D:11     | 17103 ||| INVOKING Finesse.
 17175 | D:11     | 17175 ||| Stepping ~*~*~tactically~*~*~ (hiding).
 17190 | D:11     | 17190 ||| Stepping ~*~*~tactically~*~*~ (stealth).
 17190 | D:11     | Noticed Grum
 17191 | D:11     | 17191 ||| Stepping ~*~*~tactically~*~*~ (hiding).
 17198 | D:11     | 17198 ||| INVOKING Heroism.
 17199 | D:11     | 17199 ||| INVOKING Finesse.
 17205 | D:11     | Killed Grum
 17223 | D:11     | 17223 ||| Stepping ~*~*~tactically~*~*~ (hiding).
 17234 | D:11     | 17234 ||| Stepping ~*~*~tactically~*~*~ (stealth).
 17254 | D:11     | 17254 ||| Stepping ~*~*~tactically~*~*~ (stealth).
 17255 | D:11     | 17255 ||| Stepping ~*~*~tactically~*~*~ (stealth).
 17259 | D:11     | 17259 ||| DROPPING +0 morningstar.
 17331 | D:11     | 17331 ||| Stepping ~*~*~tactically~*~*~ (stealth).
 17332 | D:11     | 17332 ||| Stepping ~*~*~tactically~*~*~ (stealth).
 17334 | D:11     | 17334 ||| Stepping ~*~*~tactically~*~*~ (stealth).
 17339 | D:11     | 17339 ||| Stepping ~*~*~tactically~*~*~ (stealth).
 17361 | D:11     | 17361 ||| READING scroll of enchant armour.
 17361 | D:11     | 17361 ||| ENCHANTING +1 pair of gloves.
 17403 | D:11     | 17403 ||| Stepping ~*~*~tactically~*~*~ (stealth).
 17470 | D:11     | Found a portal to a secret trove of treasure.
 17495 | D:11     | 17495 ||| Stepping ~*~*~tactically~*~*~ (hiding).
 17521 | D:11     | Identified the +6 plate armour of Sif Muna's Anger {Int+3}
 17521 | D:11     | Identified the ring of the Final Seers {Contam rCorr MP+9
                  | Str+4}
 17522 | D:11     | 17522 ||| Stepping ~*~*~tactically~*~*~ (stealth).
 17524 | D:11     | 17524 ||| INVOKING Heroism.
 17570 | D:11     | 17570 ||| Stepping ~*~*~tactically~*~*~ (stealth).
 17571 | D:11     | 17571 ||| Stepping ~*~*~tactically~*~*~ (stealth).
 17573 | D:11     | 17573 ||| Stepping ~*~*~tactically~*~*~ (stealth).
 17707 | D:11     | Found Zoacs's Magic Scroll Boutique.
 17713 | D:11     | 17713 ||| BUYING 3 scrolls of teleportation (99 gold).
 17713 | D:11     | Bought 3 scrolls of teleportation for 99 gold pieces
 17713 | D:11     | 17713 ||| BUYING scroll of enchant armour (82 gold).
 17713 | D:11     | Bought a scroll of enchant armour for 82 gold pieces
 17713 | D:11     | 17713 ||| BUYING scroll of enchant armour (82 gold).
 17713 | D:11     | Bought a scroll of enchant armour for 82 gold pieces
 17713 | D:11     | 17713 ||| BUYING scroll of identify (22 gold).
 17713 | D:11     | Bought a scroll of identify for 22 gold pieces
 17713 | D:11     | 17713 ||| BUYING scroll of identify (22 gold).
 17713 | D:11     | Bought a scroll of identify for 22 gold pieces
 17713 | D:11     | 17713 ||| BUYING scroll of identify (22 gold).
 17713 | D:11     | Bought a scroll of identify for 22 gold pieces
 17713 | D:11     | 17713 ||| BUYING scroll of identify (22 gold).
 17713 | D:11     | Bought a scroll of identify for 22 gold pieces
 17713 | D:11     | 17713 ||| READING 2 scrolls of enchant armour.
 17713 | D:11     | 17713 ||| ENCHANTING +1 hat of willpower.
 17714 | D:11     | 17714 ||| READING scroll of enchant armour.
 17714 | D:11     | 17714 ||| ENCHANTING +0 plate armour.
 17767 | D:11     | 17767 ||| PLANNING D
 17767 | D:11     | 17767 ||| UPGRADING to +1 pair of boots.
 17772 | D:11     | 17772 ||| UPGRADING to +6 plate armour of Sif Muna's Anger
                  | {Int+3}.
 17782 | D:11     | 17782 ||| DROPPING +1 plate armour.
 17783 | D:11     | 17783 ||| UPGRADING to +4 ring of evasion.
 17785 | D:11     | 17785 ||| UPGRADING to ring of protection from cold.
 17787 | D:11     | 17787 ||| DROPPING ring of positive energy.
 17788 | D:11     | 17788 ||| UPGRADING to ring of the Final Seers {Contam
                  | rCorr MP+9 Str+4}.
 17830 | D:11     | 17830 ||| DROPPING +6 ring of dexterity.
 17867 | D:12     | 17867 ||| INVOKING Heroism.
 17899 | D:12     | Identified the +1 robe of Sophut {Int-2 Dex+3 Archmagi}
                  | (Okawaru gifted it to you on level 12 of the Dungeon)
 17899 | D:12     | Received a gift from Okawaru
 17942 | D:12     | Reached XP level 15. HP: 105/105 MP: 22/22
 17966 | D:12     | Identified the +1 robe of Zuiddit {Str+4 Dex+2 Stlth+}
 18027 | D:12     | Identified the +6 sling "Fuor" {freeze, rElec Int+9}
 18226 | D:12     | 18226 ||| Stepping ~*~*~tactically~*~*~ (hiding).
 18233 | D:12     | 18233 ||| INVOKING Heroism.
 18415 | D:12     | 18415 ||| DROPPING amulet of magic regeneration.
 18434 | D:13     | 18434 ||| Stepping ~*~*~tactically~*~*~ (hiding).
 18440 | D:13     | 18440 ||| Stepping ~*~*~tactically~*~*~ (hiding).
 18507 | D:13     | 18507 ||| Stepping ~*~*~tactically~*~*~ (hiding).
 18622 | D:13     | Noticed Rupert
 18623 | D:13     | 18623 ||| INVOKING Heroism.
 18624 | D:13     | 18624 ||| INVOKING Finesse.
 18632 | D:13     | Killed Rupert
 18686 | D:13     | Found a gate to the Vaults.
 18796 | D:13     | 18796 ||| Stepping ~*~*~tactically~*~*~ (stealth).
 18842 | D:13     | 18842 ||| Stepping ~*~*~tactically~*~*~ (hiding).
 18843 | D:13     | 18843 ||| Stepping ~*~*~tactically~*~*~ (hiding).
 18872 | D:13     | Found Kihab's Assorted Antiques.
 18879 | D:13     | 18879 ||| BUYING potion of curing (90 gold).
 18879 | D:13     | Bought a potion of curing for 90 gold pieces
 18879 | D:13     | 18879 ||| BUYING scroll of identify (60 gold).
 18879 | D:13     | Bought a scroll of identify for 60 gold pieces
 18879 | D:13     | 18879 ||| BUYING scroll of teleportation (90 gold).
 18879 | D:13     | Bought a scroll of teleportation for 90 gold pieces
 18909 | D:13     | 18909 ||| Stepping ~*~*~tactically~*~*~ (hiding).
 19181 | D:13     | 19181 ||| UPGRADING to +2 cloak.
 19224 | D:14     | 19224 ||| PLANNING GAUNTLET
 19232 | D:14     | 19232 ||| Stepping ~*~*~tactically~*~*~ (stealth).
 19238 | D:14     | 19238 ||| INVOKING Heroism.
 19334 | D:14     | 19334 ||| Stepping ~*~*~tactically~*~*~ (stealth).
 19336 | D:14     | 19336 ||| Stepping ~*~*~tactically~*~*~ (stealth).
 19337 | D:14     | 19337 ||| INVOKING Heroism.
 19400 | D:14     | Found an iron altar of Okawaru.
 19432 | D:14     | Found a gate leading to a gauntlet.
 19441 | Gauntlet | Entered a Gauntlet
 19441 | Gauntlet | Found a transporter.
 19441 | Gauntlet | Found a transporter.
 19457 | Gauntlet | Found a transporter.
 19460 | Gauntlet | Found a transporter.
 19472 | Gauntlet | Found a transporter.
 19482 | Gauntlet | Found a transporter.
 19500 | Gauntlet | Found a transporter.
 19518 | Gauntlet | Found a transporter.
 19523 | Gauntlet | Found a transporter.
 19531 | Gauntlet | Found a transporter.
 19536 | Gauntlet | Found a transporter.
 19586 | Gauntlet | Reached skill level 12 in Armour
 19595 | Gauntlet | Found a transporter.
 19606 | Gauntlet | 19606 ||| INVOKING Heroism.
 19607 | Gauntlet | 19607 ||| INVOKING Finesse.
 19673 | Gauntlet | 19673 ||| UPGRADING to +2 cloak of willpower.
 19683 | Gauntlet | 19683 ||| DROPPING +2 cloak.
 19720 | Gauntlet | 19720 ||| Stepping ~*~*~tactically~*~*~ (stealth).
 19739 | Gauntlet | 19739 ||| Stepping ~*~*~tactically~*~*~ (stealth).
 19744 | Gauntlet | 19744 ||| INVOKING Heroism.
 19860 | D:14     | 19860 ||| PLANNING D
 19896 | D:14     | Received a gift from Okawaru
 20096 | D:15     | Entered Level 15 of the Dungeon
 20097 | D:15     | 20097 ||| INVOKING Heroism.
 20112 | D:15     | 20112 ||| Stepping ~*~*~tactically~*~*~ (stealth).
 20161 | D:15     | 20161 ||| Stepping ~*~*~tactically~*~*~ (stealth).
 20165 | D:15     | Reached skill level 6 in Throwing
 20171 | D:15     | 20171 ||| Stepping ~*~*~tactically~*~*~ (stealth).
 20175 | D:15     | Received a gift from Okawaru
 20177 | D:15     | 20177 ||| Stepping ~*~*~tactically~*~*~ (hiding).
 20178 | D:15     | 20178 ||| Stepping ~*~*~tactically~*~*~ (hiding).
 20182 | D:15     | 20182 ||| INVOKING Heroism.
 20183 | D:15     | Identified the +4 great sword "Raeskon" {drain, rElec rN++
                  | Str+3 Int-2}
 20231 | D:15     | 20231 ||| SWAPPING to +2 vampiric broad axe.
 20232 | D:15     | 20232 ||| READING 2 scrolls of enchant weapon.
 20232 | D:15     | 20232 ||| ENCHANTING +2 vampiric broad axe.
 20233 | D:15     | 20233 ||| READING scroll of enchant weapon.
 20233 | D:15     | 20233 ||| ENCHANTING +3 vampiric broad axe.
 20324 | D:15     | 20324 ||| Stepping ~*~*~tactically~*~*~ (stealth).
 20326 | D:15     | 20326 ||| INVOKING Heroism.
 20329 | D:15     | 20329 ||| Stepping ~*~*~tactically~*~*~ (hiding).
 20341 | D:15     | 20341 ||| INVOKING Finesse.
 20343 | D:15     | 20343 ||| SWAPPING to +10 morningstar "Eos" {elec, Halo
                  | rElec}.
 20352 | D:15     | 20352 ||| SWAPPING to +4 vampiric broad axe.
 20357 | D:15     | 20357 ||| Stepping ~*~*~tactically~*~*~ (hiding).
 20449 | D:15     | Noticed Kirke
 20450 | D:15     | 20450 ||| INVOKING Heroism.
 20451 | D:15     | 20451 ||| INVOKING Finesse.
 20470 | D:15     | Killed Kirke
 20637 | D:15     | 20637 ||| INVOKING Heroism.
 20638 | D:15     | 20638 ||| SWAPPING to +10 morningstar "Eos" {elec, Halo
                  | rElec}.
 20639 | D:15     | 20639 ||| INVOKING Finesse.
 20640 | D:15     | 20640 ||| Stepping ~*~*~tactically~*~*~ (outnumbered).
 20641 | D:15     | 20641 ||| SWAPPING to +4 vampiric broad axe.
 20647 | D:15     | 20647 ||| SWAPPING to +10 morningstar "Eos" {elec, Halo
                  | rElec}.
 20651 | D:15     | Reached XP level 16. HP: 114/114 MP: 23/23
 20651 | D:15     | 20651 ||| SWAPPING to +4 vampiric broad axe.
 20694 | D:15     | Found a staircase to the Depths.
 20814 | D:15     | 20814 ||| PLANNING ORC
 20814 | D:15     | 20814 ||| UPGRADING to +4 ring of protection.
 20824 | D:14     | Gained mutation: You are dopey. (Int -2) [mutagenic glow]
 20907 | Orc:1    | Entered Level 1 of the Orcish Mines
 20908 | Orc:1    | 20908 ||| INVOKING Heroism.
 21096 | Orc:2    | Entered Level 2 of the Orcish Mines
 21097 | Orc:2    | 21097 ||| INVOKING Heroism.
 21098 | Orc:2    | 21098 ||| STAIRDANCE
 21104 | Orc:2    | 21104 ||| STAIRDANCE
 21112 | Orc:2    | 21112 ||| STAIRDANCE
 21132 | Orc:2    | 21132 ||| STAIRDANCE
 21243 | Orc:2    | 21243 ||| STAIRDANCE
 21245 | Orc:1    | 21245 ||| INVOKING Heroism.
 21254 | Orc:2    | 21254 ||| STAIRDANCE
 21260 | Orc:2    | 21260 ||| STAIRDANCE
 21316 | Orc:2    | 21316 ||| INVOKING Heroism.
 21377 | Orc:2    | Found a staircase to the Elven Halls.
 21483 | Orc:2    | 21483 ||| INVOKING Heroism.
 21499 | Orc:2    | 21499 ||| Stepping ~*~*~tactically~*~*~ (stealth).
 21503 | Orc:2    | 21503 ||| Stepping ~*~*~tactically~*~*~ (hiding).
 21507 | Orc:2    | Noticed Maurice
 21509 | Orc:2    | 21509 ||| Stepping ~*~*~tactically~*~*~ (hiding).
 21512 | Orc:2    | 21512 ||| Stepping ~*~*~tactically~*~*~ (hiding).
 21530 | Orc:2    | Killed Maurice
 21534 | Orc:2    | 21534 ||| INVOKING Finesse.
 21569 | Orc:2    | Reached skill level 18 in Axes
 21574 | Orc:2    | 21574 ||| INVOKING Heroism.
 21585 | Orc:2    | Received a gift from Okawaru
 21620 | Orc:2    | Reached skill level 9 in Shields
 21628 | Orc:2    | 21628 ||| INVOKING Heroism.
 21670 | Orc:2    | 21670 ||| DROPPING +0 morningstar.
 21824 | Orc:2    | 21824 ||| INVOKING Heroism.
 21853 | Orc:2    | Found Koskuni's General Store.
 21854 | Orc:2    | Found Vidaf's Book Shoppe.
 21856 | Orc:2    | Found Rumniniw's Antique Armour Shoppe.
 21856 | Orc:2    | Found Doeq's Antique Weapon Emporium.
 21861 | Orc:2    | 21861 ||| BUYING potion of heal wounds (60 gold).
 21861 | Orc:2    | Bought a potion of heal wounds for 60 gold pieces
 21872 | Orc:2    | 21872 ||| SHOPLISTING black opal-studded plate armour (1176
                  | gold, have 1162).
 21882 | Orc:2    | 21882 ||| INVOKING Heroism.
 21885 | Orc:2    | Received a gift from Okawaru
 21943 | Orc:1    | 21943 ||| INVOKING Heroism.
 22007 | Orc:1    | 22007 ||| Stepping ~*~*~tactically~*~*~ (hiding).
 22008 | Orc:1    | 22008 ||| Stepping ~*~*~tactically~*~*~ (hiding).
 22010 | Orc:1    | 22010 ||| INVOKING Heroism.
 22139 | Orc:1    | 22139 ||| PLANNING SNAKE:1-3
 22311 | Snake:1  | Entered Level 1 of the Snake Pit
 22382 | Snake:1  | 22382 ||| Stepping ~*~*~tactically~*~*~ (stealth).
 22423 | Snake:1  | 22423 ||| Stepping ~*~*~tactically~*~*~ (stealth).
 22424 | Snake:1  | 22424 ||| Stepping ~*~*~tactically~*~*~ (hiding).
 22489 | Snake:1  | 22489 ||| Stepping ~*~*~tactically~*~*~ (hiding).
 22491 | Snake:1  | 22491 ||| Stepping ~*~*~tactically~*~*~ (hiding).
 22657 | Snake:1  | 22657 ||| Stepping ~*~*~tactically~*~*~ (hiding).
 22712 | Snake:1  | 22712 ||| Stepping ~*~*~tactically~*~*~ (hiding).
 22716 | Snake:1  | 22716 ||| INVOKING Heroism.
 22793 | Snake:1  | 22793 ||| Stepping ~*~*~tactically~*~*~ (hiding).
 22794 | Snake:1  | 22794 ||| Stepping ~*~*~tactically~*~*~ (hiding).
 22800 | Snake:1  | 22800 ||| INVOKING Heroism.
 23259 | Snake:1  | 23259 ||| READING scroll labelled YNUCUC CIPRAKK.
 23259 | Snake:1  | Identified a scroll of acquirement
 23259 | Snake:1  | 23259 ||| ACQUIRING +0 tower shield "Utidghu" {Slay+3
                  | Stlth+}
 23259 | Snake:1  | Acquired the +0 tower shield "Utidghu" {Slay+3 Stlth+}
 23261 | Snake:1  | 23261 ||| UPGRADING to +0 tower shield "Utidghu" {Slay+3
                  | Stlth+}.
 23271 | Snake:1  | 23271 ||| DROPPING +2 buckler of positive energy.
 23306 | Snake:2  | 23306 ||| INVOKING Heroism.
 23381 | Snake:2  | 23381 ||| INVOKING Heroism.
 23387 | Snake:2  | Identified the +8 war axe of Severance {pain, rElec Will+
                  | Str+8 Dex-5} (Okawaru gifted it to you on level 2 of the
                  | Snake Pit)
 23387 | Snake:2  | Received a gift from Okawaru
 23482 | Snake:2  | 23482 ||| Stepping ~*~*~tactically~*~*~ (hiding).
 23569 | Snake:2  | Noticed Mlioglotl
 23571 | Snake:2  | 23571 ||| INVOKING Heroism.
 23572 | Snake:2  | 23572 ||| INVOKING Finesse.
 23590 | Snake:2  | Killed Mlioglotl
 23658 | Snake:2  | 23658 ||| Stepping ~*~*~tactically~*~*~ (hiding).
 23672 | Snake:2  | Reached XP level 17. HP: 122/122 MP: 24/24
 23701 | Snake:2  | 23701 ||| INVOKING Heroism.
 23723 | Snake:2  | 23723 ||| INVOKING Heroism.
 23725 | Snake:2  | HP: 26/122 [naga warrior/+0 trident (12)]
 23726 | Snake:2  | 23726 ||| READING 20 scrolls of teleportation.
 23726 | Snake:2  | HP: 1/122 [naga warrior/+0 flail (14)]
 23727 | Snake:2  | 23727 ||| DRINKING 5 potions of heal wounds.
 23728 | Snake:2  | 23728 ||| DRINKING 4 potions of heal wounds.
 23729 | Snake:2  | 23729 ||| DRINKING 3 potions of heal wounds.
 23811 | Snake:2  | 23811 ||| Stepping ~*~*~tactically~*~*~ (hiding).
 23813 | Snake:2  | 23813 ||| INVOKING Heroism.
 23863 | Snake:2  | 23863 ||| Stepping ~*~*~tactically~*~*~ (stealth).
 23864 | Snake:2  | 23864 ||| Stepping ~*~*~tactically~*~*~ (stealth).
 23928 | Snake:2  | 23928 ||| INVOKING Heroism.
 23942 | Snake:2  | 23942 ||| Stepping ~*~*~tactically~*~*~ (hiding).
 23943 | Snake:2  | 23943 ||| Stepping ~*~*~tactically~*~*~ (hiding).
 23956 | Snake:2  | Reached skill level 12 in Shields
 24030 | Snake:2  | 24030 ||| Stepping ~*~*~tactically~*~*~ (hiding).
 24032 | Snake:2  | 24032 ||| Stepping ~*~*~tactically~*~*~ (hiding).
 24033 | Snake:2  | 24033 ||| Stepping ~*~*~tactically~*~*~ (hiding).
 24035 | Snake:2  | 24035 ||| Stepping ~*~*~tactically~*~*~ (hiding).
 24208 | Snake:2  | 24208 ||| Stepping ~*~*~tactically~*~*~ (hiding).
 24630 | Snake:2  | Identified the +3 ring mail of Nihilism {Rampage rF+}
 24711 | Snake:2  | 24711 ||| UPGRADING to +1 tower shield of fire resistance.
 24736 | Snake:3  | Noticed Aizul
 24737 | Snake:3  | 24737 ||| INVOKING Heroism.
 24738 | Snake:3  | 24738 ||| INVOKING Finesse.
 24739 | Snake:3  | 24739 ||| STAIRDANCE
 24776 | Snake:3  | 24776 ||| STAIRDANCE
 24778 | Snake:2  | 24778 ||| INVOKING Finesse.
 24789 | Snake:2  | 24789 ||| INVOKING Heroism.
 24812 | Snake:2  | Killed Aizul
 24840 | Snake:3  | Found a transporter.
 24841 | Snake:3  | 24841 ||| Stepping ~*~*~tactically~*~*~ (stealth).
 24843 | Snake:3  | 24843 ||| Stepping ~*~*~tactically~*~*~ (hiding).
 24845 | Snake:3  | 24845 ||| Stepping ~*~*~tactically~*~*~ (hiding).
 25036 | Snake:3  | Received a gift from Okawaru
 25050 | Snake:3  | Identified the +0 pearl dragon scales of Narcissism {rN+
                  | Str+4}
 25059 | Snake:3  | 25059 ||| READING scroll of enchant weapon.
 25059 | Snake:3  | 25059 ||| ENCHANTING +4 vampiric broad axe.
 25090 | Snake:3  | 25090 ||| Stepping ~*~*~tactically~*~*~ (hiding).
 25093 | Snake:3  | 25093 ||| INVOKING Heroism.
 25126 | Snake:3  | 25126 ||| Stepping ~*~*~tactically~*~*~ (hiding).
 25137 | Snake:3  | 25137 ||| INVOKING Heroism.
 25323 | Snake:3  | 25323 ||| Stepping ~*~*~tactically~*~*~ (hiding).
 25325 | Snake:3  | 25325 ||| INVOKING Heroism.
 25392 | Snake:3  | 25392 ||| Stepping ~*~*~tactically~*~*~ (hiding).
 25409 | Snake:3  | 25409 ||| INVOKING Heroism.
 25441 | Snake:3  | Identified the +5 ring mail "Idax" {rElec MP+9 SInv}
                  | (Okawaru gifted it to you on level 3 of the Snake Pit)
 25441 | Snake:3  | Received a gift from Okawaru
 25568 | Snake:3  | 25568 ||| READING scroll of enchant weapon.
 25568 | Snake:3  | 25568 ||| ENCHANTING +5 vampiric broad axe.
 25740 | Snake:3  | Found a transporter.
 26026 | Snake:3  | 26026 ||| Stepping ~*~*~tactically~*~*~ (hiding).
 26029 | Snake:3  | 26029 ||| INVOKING Heroism.
 26046 | Snake:3  | Noticed Mara
 26047 | Snake:3  | 26047 ||| INVOKING Finesse.
 26049 | Snake:3  | Noticed qw's illusion
 26087 | Snake:3  | Reached skill level 15 in Shields
 26088 | Snake:3  | 26088 ||| INVOKING Heroism.
 26088 | Snake:3  | HP: 28/122 [Mara (illusionary)/+0 demon trident of freezing
                  | (16)]
 26089 | Snake:3  | 26089 ||| READING 20 scrolls of teleportation.
 26090 | Snake:3  | 26090 ||| DRINKING 2 potions of heal wounds.
 26296 | Snake:3  | 26296 ||| Stepping ~*~*~tactically~*~*~ (hiding).
 26339 | Snake:3  | 26339 ||| INVOKING Heroism.
 26340 | Snake:3  | 26340 ||| INVOKING Finesse.
 26365 | Snake:3  | Noticed qw's illusion
 26366 | Snake:3  | Killed Mara
 26413 | Snake:3  | 26413 ||| Stepping ~*~*~tactically~*~*~ (hiding).
 26414 | Snake:3  | 26414 ||| Stepping ~*~*~tactically~*~*~ (hiding).
 26416 | Snake:3  | 26416 ||| Stepping ~*~*~tactically~*~*~ (hiding).
 26418 | Snake:3  | 26418 ||| Stepping ~*~*~tactically~*~*~ (hiding).
 26419 | Snake:3  | 26419 ||| Stepping ~*~*~tactically~*~*~ (hiding).
 26421 | Snake:3  | 26421 ||| Stepping ~*~*~tactically~*~*~ (hiding).
 26422 | Snake:3  | 26422 ||| Stepping ~*~*~tactically~*~*~ (hiding).
 26448 | Snake:3  | Identified the +5 scale mail of Gopt {rElec Int+2 Slay-4}
 26450 | Snake:3  | 26450 ||| INVOKING Heroism.
 26452 | Snake:3  | Identified the amulet "Heum" {Faith -Cast *Corrode rElec
                  | rPois}
 26471 | Snake:3  | Identified the +9 morningstar "Kuipp" {flame, Dex+6}
 26482 | Snake:3  | 26482 ||| DROPPING +10 morningstar "Eos" {elec, Halo
                  | rElec}.
 26483 | Snake:3  | 26483 ||| READING scroll of enchant weapon.
 26483 | Snake:3  | 26483 ||| ENCHANTING +6 vampiric broad axe.
 26596 | Snake:3  | 26596 ||| PLANNING SWAMP:1-3
 26596 | Snake:3  | 26596 ||| DROPPING +0 pearl dragon scales of Narcissism
                  | {rN+ Str+4}.
 26714 | Swamp:1  | Entered Level 1 of the Swamp
 26727 | Swamp:1  | 26727 ||| INVOKING Heroism.
 26765 | Swamp:1  | 26765 ||| Stepping ~*~*~tactically~*~*~ (cloud).
 26770 | Swamp:1  | 26770 ||| INVOKING Heroism.
 26779 | Swamp:1  | Received a gift from Okawaru
 26830 | Swamp:1  | 26830 ||| INVOKING Heroism.
 26839 | Swamp:1  | Reached XP level 18. HP: 119/127 MP: 23/25
 26852 | Swamp:1  | 26852 ||| DROPPING +9 morningstar "Kuipp" {flame, Dex+6}.
 26890 | Swamp:1  | 26890 ||| Stepping ~*~*~tactically~*~*~ (stealth).
 26892 | Swamp:1  | 26892 ||| Stepping ~*~*~tactically~*~*~ (hiding).
 26927 | Swamp:1  | 26927 ||| Stepping ~*~*~tactically~*~*~ (cloud).
 26953 | Swamp:1  | Found a runed translucent door.
 27063 | Swamp:1  | 27063 ||| Stepping ~*~*~tactically~*~*~ (stealth).
 27083 | Swamp:1  | 27083 ||| Stepping ~*~*~tactically~*~*~ (stealth).
 27148 | Swamp:1  | 27148 ||| INVOKING Heroism.
 27477 | Swamp:1  | 27477 ||| DROPPING +2 pair of gloves of hurling.
 27610 | Swamp:2  | 27610 ||| INVOKING Heroism.
 27783 | Swamp:2  | 27783 ||| Stepping ~*~*~tactically~*~*~ (hiding).
 28073 | Swamp:3  | 28073 ||| INVOKING Heroism.
 28074 | Swamp:3  | 28074 ||| Stepping ~*~*~tactically~*~*~ (stealth).
 28096 | Swamp:3  | 28096 ||| Stepping ~*~*~tactically~*~*~ (hiding).
 28146 | Swamp:3  | 28146 ||| Stepping ~*~*~tactically~*~*~ (stealth).
 28445 | Swamp:3  | 28445 ||| Stepping ~*~*~tactically~*~*~ (stealth).
 28474 | Swamp:3  | 28474 ||| INVOKING Heroism.
 28486 | Swamp:3  | Reached skill level 18 in Shields
 28597 | Swamp:3  | 28597 ||| PLANNING SNAKE:4
 28799 | Snake:4  | Entered Level 4 of the Snake Pit
 28826 | Snake:4  | 28826 ||| INVOKING Heroism.
 28881 | Snake:4  | 28881 ||| Stepping ~*~*~tactically~*~*~ (hiding).
 28925 | Snake:4  | 28925 ||| Stepping ~*~*~tactically~*~*~ (hiding).
 28954 | Snake:4  | Received a gift from Okawaru
 28958 | Snake:4  | 28958 ||| Stepping ~*~*~tactically~*~*~ (hiding).
 29012 | Snake:4  | 29012 ||| INVOKING Heroism.
 29025 | Snake:4  | Reached skill level 15 in Fighting
 29033 | Snake:4  | Received a gift from Okawaru
 29181 | Snake:4  | 29181 ||| Stepping ~*~*~tactically~*~*~ (hiding).
 29184 | Snake:4  | 29184 ||| Stepping ~*~*~tactically~*~*~ (hiding).
 29188 | Snake:4  | 29188 ||| INVOKING Heroism.
 29208 | Snake:4  | 29208 ||| Stepping ~*~*~tactically~*~*~ (hiding).
 29209 | Snake:4  | 29209 ||| Stepping ~*~*~tactically~*~*~ (hiding).
 29283 | Snake:4  | 29283 ||| INVOKING Heroism.
 29296 | Snake:4  | Received a gift from Okawaru
 29388 | Snake:4  | 29388 ||| INVOKING Heroism.
 29413 | Snake:4  | Reached XP level 19. HP: 102/136 MP: 26/26
 29436 | Snake:4  | Got a serpentine rune of Zot
 29449 | Snake:4  | 29449 ||| Stepping ~*~*~tactically~*~*~ (hiding).
 29670 | Snake:4  | 29670 ||| INVOKING Heroism.
 29671 | Snake:4  | 29671 ||| STAIRDANCE
 29683 | Snake:4  | 29683 ||| STAIRDANCE
 29689 | Snake:4  | 29689 ||| STAIRDANCE
 29696 | Snake:4  | 29696 ||| STAIRDANCE
 29758 | Snake:4  | Found Secoghi's Magic Scroll Emporium.
 29766 | Snake:4  | Reached skill level 9 in Throwing
 29780 | Snake:4  | 29780 ||| BUYING scroll of teleportation (42 gold).
 29780 | Snake:4  | Bought a scroll of teleportation for 42 gold pieces
 29808 | Snake:4  | 29808 ||| Stepping ~*~*~tactically~*~*~ (hiding).
 29816 | Snake:4  | 29816 ||| INVOKING Heroism.
 29857 | Snake:4  | Found Jelya's Book Shoppe.
 29857 | Snake:4  | Found Besotae's Jewellery Shop.
 29859 | Snake:4  | 29859 ||| INVOKING Heroism.
 29884 | Snake:4  | Found Ubeiwius's Book Shoppe.
 29892 | Snake:4  | 29892 ||| BUYING amulet of reflection (420 gold).
 29892 | Snake:4  | Bought an amulet of reflection for 420 gold pieces
 29960 | Snake:4  | 29960 ||| INVOKING Heroism.
 29963 | Snake:4  | Noticed Louise
 29982 | Snake:4  | Killed Louise
 30013 | Snake:4  | 30013 ||| PLANNING VAULTS:1-4
 30013 | Snake:4  | 30013 ||| UPGRADING to amulet of reflection.
 30023 | Snake:4  | 30023 ||| DROPPING amulet of regeneration.
 30354 | Vaults:1 | Entered Level 1 of the Vaults
 30359 | Vaults:1 | 30359 ||| READING 22 scrolls of teleportation.
 30365 | Vaults:1 | 30365 ||| READING 21 scrolls of teleportation.
 30379 | Vaults:1 | Identified the +5 great mace "Killer Klown's Death" {flame,
                  | *Noise Str+2 Int+7}
 30415 | Vaults:1 | 30415 ||| INVOKING Heroism.
 30416 | Vaults:1 | 30416 ||| INVOKING Finesse.
 30530 | Vaults:1 | 30530 ||| Stepping ~*~*~tactically~*~*~ (stealth).
 30532 | Vaults:1 | 30532 ||| Stepping ~*~*~tactically~*~*~ (hiding).
 30534 | Vaults:1 | 30534 ||| Stepping ~*~*~tactically~*~*~ (hiding).
 30562 | Vaults:1 | 30562 ||| Stepping ~*~*~tactically~*~*~ (stealth).
 30572 | Vaults:1 | 30572 ||| INVOKING Heroism.
 30605 | Vaults:1 | Received a gift from Okawaru
 30666 | Vaults:1 | 30666 ||| Stepping ~*~*~tactically~*~*~ (hiding).
 30667 | Vaults:1 | 30667 ||| Stepping ~*~*~tactically~*~*~ (hiding).
 30728 | Vaults:1 | 30728 ||| INVOKING Heroism.
 30729 | Vaults:1 | 30729 ||| INVOKING Finesse.
 30854 | Vaults:1 | 30854 ||| INVOKING Heroism.
 31130 | Vaults:1 | 31130 ||| INVOKING Finesse.
 31141 | Vaults:1 | Reached skill level 15 in Armour
 31162 | Vaults:1 | 31162 ||| Stepping ~*~*~tactically~*~*~ (hiding).
 31163 | Vaults:1 | 31163 ||| Stepping ~*~*~tactically~*~*~ (hiding).
 31216 | Vaults:1 | 31216 ||| Stepping ~*~*~tactically~*~*~ (stealth).
 31308 | Vaults:1 | 31308 ||| Stepping ~*~*~tactically~*~*~ (hiding).
 31383 | Vaults:1 | Found Estreraj's Weapon Shop.
 31569 | Vaults:1 | 31569 ||| Stepping ~*~*~tactically~*~*~ (stealth).
 31571 | Vaults:1 | 31571 ||| Stepping ~*~*~tactically~*~*~ (stealth).
 31575 | Vaults:1 | 31575 ||| INVOKING Heroism.
 31696 | Vaults:1 | 31696 ||| Stepping ~*~*~tactically~*~*~ (hiding).
 31699 | Vaults:1 | 31699 ||| Stepping ~*~*~tactically~*~*~ (hiding).
 31709 | Vaults:1 | 31709 ||| INVOKING Heroism.
 31710 | Vaults:1 | 31710 ||| Stepping ~*~*~tactically~*~*~ (hiding).
 31711 | Vaults:1 | 31711 ||| Stepping ~*~*~tactically~*~*~ (hiding).
 31714 | Vaults:1 | 31714 ||| INVOKING Finesse.
 31731 | Vaults:1 | 31731 ||| DRINKING 2 potions of cancellation.
 31779 | Vaults:1 | 31779 ||| Stepping ~*~*~tactically~*~*~ (stealth).
 32016 | Vaults:1 | 32016 ||| DROPPING +2 plate armour of poison resistance.
 32022 | Vaults:2 | 32022 ||| INVOKING Heroism.
 32023 | Vaults:2 | 32023 ||| INVOKING Finesse.
 32129 | Vaults:2 | 32129 ||| INVOKING Heroism.
 32185 | Vaults:2 | 32185 ||| INVOKING Heroism.
 32278 | Vaults:2 | 32278 ||| Stepping ~*~*~tactically~*~*~ (hiding).
 32284 | Vaults:2 | 32284 ||| INVOKING Heroism.
 32318 | Vaults:2 | 32318 ||| Stepping ~*~*~tactically~*~*~ (hiding).
 32324 | Vaults:2 | 32324 ||| INVOKING Finesse.
 32332 | Vaults:2 | 32332 ||| Stepping ~*~*~tactically~*~*~ (hiding).
 32348 | Vaults:2 | 32348 ||| Stepping ~*~*~tactically~*~*~ (stealth).
 32401 | Vaults:2 | 32401 ||| INVOKING Heroism.
 32403 | Vaults:2 | Received a gift from Okawaru
 32485 | Vaults:2 | You are sucked into a shaft and drop 1 floor!
 32505 | Vaults:2 | 32505 ||| Stepping ~*~*~tactically~*~*~ (hiding).
 32506 | Vaults:2 | 32506 ||| Stepping ~*~*~tactically~*~*~ (hiding).
 32515 | Vaults:2 | Received a gift from Okawaru
 32516 | Vaults:2 | Reached XP level 20. HP: 147/147 MP: 27/27
 32535 | Vaults:2 | 32535 ||| FLEEEEING.
 32536 | Vaults:2 | 32536 ||| FLEEEEING.
 32537 | Vaults:2 | 32537 ||| FLEEEEING.
 32538 | Vaults:2 | 32538 ||| FLEEEEING.
 32539 | Vaults:2 | 32539 ||| FLEEEEING.
 32542 | Vaults:2 | 32542 ||| FLEEEEING.
 32543 | Vaults:2 | 32543 ||| FLEEEEING.
 32546 | Vaults:2 | 32546 ||| FLEEEEING.
 32547 | Vaults:2 | 32547 ||| FLEEEEING.
 32548 | Vaults:2 | 32548 ||| FLEEEEING.
 32549 | Vaults:2 | 32549 ||| FLEEEEING.
 32550 | Vaults:2 | 32550 ||| FLEEEEING.
 32551 | Vaults:2 | 32551 ||| FLEEEEING.
 32552 | Vaults:2 | 32552 ||| FLEEEEING.
 32553 | Vaults:2 | 32553 ||| FLEEEEING.
 32554 | Vaults:2 | 32554 ||| FLEEEEING.
 32555 | Vaults:2 | 32555 ||| FLEEEEING.
 32556 | Vaults:2 | 32556 ||| FLEEEEING.
 32557 | Vaults:2 | 32557 ||| FLEEEEING.
 32558 | Vaults:2 | 32558 ||| FLEEEEING.
 32559 | Vaults:2 | 32559 ||| FLEEEEING.
 32560 | Vaults:2 | 32560 ||| FLEEEEING.
 32561 | Vaults:2 | 32561 ||| FLEEEEING.
 32562 | Vaults:2 | 32562 ||| FLEEEEING.
 32563 | Vaults:2 | 32563 ||| FLEEEEING.
 32564 | Vaults:2 | 32564 ||| FLEEEEING.
 32565 | Vaults:2 | 32565 ||| FLEEEEING.
 32566 | Vaults:2 | Identified the +1 arbalest of Subjectivity {flame, rPois
                  | Will- rCorr Dex+2}
 32567 | Vaults:2 | 32567 ||| Stepping ~*~*~tactically~*~*~ (hiding).
 32570 | Vaults:2 | 32570 ||| Stepping ~*~*~tactically~*~*~ (hiding).
 32571 | Vaults:2 | 32571 ||| Stepping ~*~*~tactically~*~*~ (hiding).
 32574 | Vaults:2 | 32574 ||| INVOKING Heroism.
 32611 | Vaults:2 | 32611 ||| Stepping ~*~*~tactically~*~*~ (stealth).
 32782 | Vaults:2 | Found a staircase to the Crypt.
 32782 | Vaults:2 | Found an ancient bone altar of Kikubaaqudgha.
 32783 | Vaults:2 | Found a basalt altar of Yredelemnul.
 32919 | Vaults:2 | 32919 ||| Stepping ~*~*~tactically~*~*~ (stealth).
 32933 | Vaults:2 | 32933 ||| Stepping ~*~*~tactically~*~*~ (hiding).
 32935 | Vaults:2 | 32935 ||| Stepping ~*~*~tactically~*~*~ (hiding).
 33019 | Vaults:2 | 33019 ||| Stepping ~*~*~tactically~*~*~ (stealth).
 33045 | Vaults:2 | Received a gift from Okawaru
 33073 | Vaults:2 | 33073 ||| INVOKING Heroism.
 33274 | Vaults:3 | 33274 ||| INVOKING Heroism.
 33275 | Vaults:3 | 33275 ||| Stepping ~*~*~tactically~*~*~ (stealth).
 33329 | Vaults:3 | 33329 ||| INVOKING Heroism.
 33334 | Vaults:3 | Received a gift from Okawaru
 33349 | Vaults:3 | Reached skill level 18 in Fighting
 33353 | Vaults:3 | Received a gift from Okawaru
 33467 | Vaults:3 | 33467 ||| INVOKING Heroism.
 33545 | Vaults:3 | Identified the +1 scale mail "Joocesaoss" {Rampage rCorr}
 33555 | Vaults:3 | Received a gift from Okawaru
 33611 | Vaults:3 | 33611 ||| Stepping ~*~*~tactically~*~*~ (hiding).
 33613 | Vaults:3 | 33613 ||| Stepping ~*~*~tactically~*~*~ (hiding).
 33628 | Vaults:3 | 33628 ||| FLEEEEING.
 33630 | Vaults:3 | 33630 ||| FLEEEEING.
 33650 | Vaults:3 | 33650 ||| FLEEEEING.
 33733 | Vaults:3 | 33733 ||| INVOKING Heroism.
 33945 | Vaults:3 | 33945 ||| INVOKING Heroism.
 33958 | Vaults:3 | 33958 ||| INVOKING Finesse.
 34020 | Vaults:3 | 34020 ||| Stepping ~*~*~tactically~*~*~ (hiding).
 34021 | Vaults:3 | 34021 ||| Stepping ~*~*~tactically~*~*~ (hiding).
 34305 | Vaults:3 | 34305 ||| Stepping ~*~*~tactically~*~*~ (stealth).
 34307 | Vaults:3 | 34307 ||| Stepping ~*~*~tactically~*~*~ (hiding).
 34317 | Vaults:3 | Received a gift from Okawaru
 34347 | Vaults:3 | 34347 ||| Stepping ~*~*~tactically~*~*~ (stealth).
 34351 | Vaults:3 | 34351 ||| Stepping ~*~*~tactically~*~*~ (stealth).
 34383 | Vaults:3 | 34383 ||| Stepping ~*~*~tactically~*~*~ (hiding).
 34388 | Vaults:3 | 34388 ||| INVOKING Heroism.
 34397 | Vaults:3 | Received a gift from Okawaru
 34397 | Vaults:3 | Found the +18 shield of the Gong {rElec rN+ Will+ EV-5}
 34453 | Vaults:3 | 34453 ||| Stepping ~*~*~tactically~*~*~ (hiding).
 34456 | Vaults:3 | 34456 ||| Stepping ~*~*~tactically~*~*~ (hiding).
 34510 | Vaults:3 | 34510 ||| DROPPING +0 acid dragon scales.
 34511 | Vaults:3 | 34511 ||| DROPPING +0 tower shield "Utidghu" {Slay+3
                  | Stlth+}.
 34512 | Vaults:3 | 34512 ||| UPGRADING to +18 shield of the Gong {rElec rN+
                  | Will+ EV-5}.
 34607 | Vaults:4 | 34607 ||| Stepping ~*~*~tactically~*~*~ (hiding).
 34613 | Vaults:4 | 34613 ||| INVOKING Heroism.
 34629 | Vaults:4 | 34629 ||| Stepping ~*~*~tactically~*~*~ (hiding).
 34660 | Vaults:4 | 34660 ||| Stepping ~*~*~tactically~*~*~ (hiding).
 34755 | Vaults:4 | 34755 ||| INVOKING Heroism.
 34793 | Vaults:4 | 34793 ||| Stepping ~*~*~tactically~*~*~ (hiding).
 34849 | Vaults:4 | Identified the +3 trident "Ukkit" {flame, rElec rCorr SInv
                  | Stlth-}
 34889 | Vaults:4 | 34889 ||| READING scroll of enchant weapon.
 34889 | Vaults:4 | 34889 ||| ENCHANTING +7 vampiric broad axe.
 34950 | Vaults:4 | Found a transporter.
 34975 | Vaults:4 | 34975 ||| INVOKING Heroism.
 34992 | Vaults:4 | 34992 ||| Stepping ~*~*~tactically~*~*~ (hiding).
 34997 | Vaults:4 | Reached XP level 21. HP: 156/156 MP: 28/28
 35051 | Vaults:4 | Found Duzainus's Book Boutique.
 35098 | Vaults:4 | 35098 ||| Stepping ~*~*~tactically~*~*~ (stealth).
 35099 | Vaults:4 | 35099 ||| Stepping ~*~*~tactically~*~*~ (stealth).
 35101 | Vaults:4 | 35101 ||| INVOKING Heroism.
 35102 | Vaults:4 | 35102 ||| Stepping ~*~*~tactically~*~*~ (hiding).
 35105 | Vaults:4 | 35105 ||| Stepping ~*~*~tactically~*~*~ (hiding).
 35106 | Vaults:4 | 35106 ||| Stepping ~*~*~tactically~*~*~ (hiding).
 35107 | Vaults:4 | 35107 ||| Stepping ~*~*~tactically~*~*~ (hiding).
 35192 | Vaults:4 | 35192 ||| INVOKING Heroism.
 35208 | Vaults:4 | 35208 ||| INVOKING Finesse.
 35421 | Vaults:4 | 35421 ||| INVOKING Heroism.
 35457 | Vaults:4 | Received a gift from Okawaru
 35462 | Vaults:4 | 35462 ||| Stepping ~*~*~tactically~*~*~ (hiding).
 35463 | Vaults:4 | 35463 ||| Stepping ~*~*~tactically~*~*~ (hiding).
 35475 | Vaults:4 | 35475 ||| Stepping ~*~*~tactically~*~*~ (hiding).
 36019 | Vaults:4 | 36019 ||| PLANNING SWAMP:4
 36484 | Swamp:4  | Entered Level 4 of the Swamp
 36500 | Swamp:4  | 36500 ||| Stepping ~*~*~tactically~*~*~ (hiding).
 36540 | Swamp:4  | 36540 ||| INVOKING Heroism.
 36562 | Swamp:4  | Reached skill level 18 in Armour
 36562 | Swamp:4  | Received a gift from Okawaru
 36563 | Swamp:4  | 36563 ||| INVOKING Heroism.
 36579 | Swamp:4  | 36579 ||| Stepping ~*~*~tactically~*~*~ (stealth).
 36596 | Swamp:4  | 36596 ||| Stepping ~*~*~tactically~*~*~ (stealth).
 36598 | Swamp:4  | 36598 ||| Stepping ~*~*~tactically~*~*~ (stealth).
 36617 | Swamp:4  | 36617 ||| Stepping ~*~*~tactically~*~*~ (stealth).
 36623 | Swamp:4  | 36623 ||| Stepping ~*~*~tactically~*~*~ (stealth).
 36624 | Swamp:4  | 36624 ||| Stepping ~*~*~tactically~*~*~ (hiding).
 36625 | Swamp:4  | 36625 ||| INVOKING Heroism.
 36646 | Swamp:4  | Identified the +0 broad axe of Vavouv {venom, Will++
                  | Stlth-} (Okawaru gifted it to you on level 4 of the Swamp)
 36646 | Swamp:4  | Received a gift from Okawaru
 36652 | Swamp:4  | 36652 ||| INVOKING Heroism.
 36684 | Swamp:4  | 36684 ||| Stepping ~*~*~tactically~*~*~ (stealth).
 36693 | Swamp:4  | 36693 ||| DROPPING +0 broad axe of Vavouv {venom, Will++
                  | Stlth-}.
 36709 | Swamp:4  | 36709 ||| INVOKING Heroism.
 36759 | Swamp:4  | Got a decaying rune of Zot
 36777 | Swamp:4  | 36777 ||| Stepping ~*~*~tactically~*~*~ (stealth).
 36784 | Swamp:4  | 36784 ||| Stepping ~*~*~tactically~*~*~ (stealth).
 36848 | Swamp:4  | 36848 ||| INVOKING Heroism.
 36849 | Swamp:4  | 36849 ||| INVOKING Finesse.
 37031 | Swamp:4  | 37031 ||| PLANNING DEPTHS
 37337 | Depths:1 | Entered Level 1 of the Depths
 37338 | Depths:1 | 37338 ||| PLANNING WIZLAB
 37447 | Depths:1 | 37447 ||| Stepping ~*~*~tactically~*~*~ (stealth).
 37451 | Depths:1 | 37451 ||| Stepping ~*~*~tactically~*~*~ (stealth).
 37499 | Depths:1 | 37499 ||| Stepping ~*~*~tactically~*~*~ (hiding).
 37503 | Depths:1 | 37503 ||| INVOKING Heroism.
 37510 | Depths:1 | 37510 ||| Stepping ~*~*~tactically~*~*~ (hiding).
 37573 | Depths:1 | 37573 ||| INVOKING Heroism.
 37627 | Depths:1 | Found a sacrificial altar of Ru.
 37655 | Depths:1 | 37655 ||| Stepping ~*~*~tactically~*~*~ (hiding).
 37663 | Depths:1 | 37663 ||| INVOKING Heroism.
 37664 | Depths:1 | 37664 ||| INVOKING Finesse.
 37873 | Depths:1 | 37873 ||| Stepping ~*~*~tactically~*~*~ (stealth).
 37876 | Depths:1 | 37876 ||| Stepping ~*~*~tactically~*~*~ (stealth).
 37907 | Depths:1 | 37907 ||| INVOKING Heroism.
 37908 | Depths:1 | 37908 ||| INVOKING Finesse.
 38132 | Depths:1 | Found a one-way gateway to a ziggurat.
 38143 | Depths:1 | 38143 ||| RIP WIZLAB
 38158 | Depths:1 | 38158 ||| PLANNING DEPTHS
 38201 | Depths:1 | Found a gateway to Hell.
 38265 | Depths:1 | 38265 ||| Stepping ~*~*~tactically~*~*~ (hiding).
 38266 | Depths:1 | 38266 ||| Stepping ~*~*~tactically~*~*~ (hiding).
 38271 | Depths:1 | 38271 ||| INVOKING Heroism.
 38494 | Depths:2 | 38494 ||| Stepping ~*~*~tactically~*~*~ (hiding).
 38502 | Depths:2 | 38502 ||| INVOKING Heroism.
 38516 | Depths:2 | Received a gift from Okawaru
 38524 | Depths:2 | 38524 ||| Stepping ~*~*~tactically~*~*~ (hiding).
 38527 | Depths:2 | 38527 ||| Stepping ~*~*~tactically~*~*~ (hiding).
 38528 | Depths:2 | 38528 ||| Stepping ~*~*~tactically~*~*~ (hiding).
 38529 | Depths:2 | 38529 ||| Stepping ~*~*~tactically~*~*~ (hiding).
 38530 | Depths:2 | 38530 ||| Stepping ~*~*~tactically~*~*~ (hiding).
 38532 | Depths:2 | 38532 ||| INVOKING Finesse.
 38564 | Depths:2 | 38564 ||| Stepping ~*~*~tactically~*~*~ (hiding).
 38586 | Depths:2 | 38586 ||| INVOKING Heroism.
 38587 | Depths:2 | 38587 ||| INVOKING Finesse.
 38603 | Depths:2 | Reached XP level 22. HP: 167/167 MP: 22/29
 38616 | Depths:2 | 38616 ||| Stepping ~*~*~tactically~*~*~ (hiding).
 38739 | Depths:2 | 38739 ||| INVOKING Heroism.
 38817 | Depths:2 | 38817 ||| Stepping ~*~*~tactically~*~*~ (stealth).
 38818 | Depths:2 | 38818 ||| Stepping ~*~*~tactically~*~*~ (stealth).
 38823 | Depths:2 | 38823 ||| INVOKING Heroism.
 38846 | Depths:2 | Reached skill level 6 in Dodging
 38849 | Depths:2 | 38849 ||| INVOKING Heroism.
 38994 | Depths:2 | 38994 ||| READING scroll of enchant weapon.
 38994 | Depths:2 | 38994 ||| ENCHANTING +8 vampiric broad axe.
 38995 | Depths:2 | Found a one-way gate leading to the halls of Pandemonium.
 39047 | Depths:2 | Identified the +7 trident of Runegu {pain, Contam Str+4
                  | Dex+7}
 39268 | Depths:2 | 39268 ||| DRINKING 2 fuming clear potions.
 39373 | Depths:2 | 39373 ||| DROPPING potion of berserk rage.
 39385 | Depths:3 | 39385 ||| INVOKING Heroism.
 39386 | Depths:3 | 39386 ||| INVOKING Finesse.
 39390 | Depths:3 | Noticed a golden dragon
 39406 | Depths:3 | Killed a golden dragon
 39422 | Depths:3 | Received a gift from Okawaru
 39437 | Depths:3 | Noticed a juggernaut
 39448 | Depths:3 | Killed a juggernaut
 39450 | Depths:3 | Paralysed by a floating eye for 3 turns
 39459 | Depths:3 | 39459 ||| INVOKING Heroism.
 39486 | Depths:3 | Noticed Vv
 39487 | Depths:3 | 39487 ||| INVOKING Finesse.
 39512 | Depths:3 | 39512 ||| INVOKING Heroism.
 39519 | Depths:3 | Killed Vv
 39519 | Depths:3 | Received a gift from Okawaru
 39553 | Depths:3 | 39553 ||| Stepping ~*~*~tactically~*~*~ (hiding).
 39556 | Depths:3 | 39556 ||| INVOKING Heroism.
 39562 | Depths:3 | 39562 ||| Stepping ~*~*~tactically~*~*~ (hiding).
 39571 | Depths:3 | 39571 ||| Stepping ~*~*~tactically~*~*~ (hiding).
 39576 | Depths:3 | 39576 ||| Stepping ~*~*~tactically~*~*~ (hiding).
 39603 | Depths:3 | Reached skill level 21 in Fighting
 39623 | Depths:3 | Received a gift from Okawaru
 39627 | Depths:3 | 39627 ||| INVOKING Finesse.
 39650 | Depths:3 | 39650 ||| Stepping ~*~*~tactically~*~*~ (stealth).
 39670 | Depths:3 | 39670 ||| Stepping ~*~*~tactically~*~*~ (hiding).
 39681 | Depths:3 | 39681 ||| INVOKING Heroism.
 39702 | Depths:3 | 39702 ||| Stepping ~*~*~tactically~*~*~ (hiding).
 39734 | Depths:3 | Noticed a golden dragon
 39735 | Depths:3 | 39735 ||| Stepping ~*~*~tactically~*~*~ (hiding).
 39749 | Depths:3 | 39749 ||| INVOKING Heroism.
 39751 | Depths:3 | Noticed Frederick
 39752 | Depths:3 | 39752 ||| INVOKING Finesse.
 39761 | Depths:3 | 39761 ||| Stepping ~*~*~tactically~*~*~ (hiding).
 39771 | Depths:3 | Killed a golden dragon
 39788 | Depths:3 | 39788 ||| Stepping ~*~*~tactically~*~*~ (hiding).
 39799 | Depths:3 | 39799 ||| INVOKING Heroism.
 39810 | Depths:3 | Killed Frederick
 39838 | Depths:3 | 39838 ||| Stepping ~*~*~tactically~*~*~ (stealth).
 39841 | Depths:3 | 39841 ||| Stepping ~*~*~tactically~*~*~ (stealth).
 39842 | Depths:3 | 39842 ||| Stepping ~*~*~tactically~*~*~ (stealth).
 39845 | Depths:3 | 39845 ||| Stepping ~*~*~tactically~*~*~ (hiding).
 39851 | Depths:3 | 39851 ||| Stepping ~*~*~tactically~*~*~ (hiding).
 39852 | Depths:3 | 39852 ||| Stepping ~*~*~tactically~*~*~ (hiding).
 39877 | Depths:3 | Noticed a golden dragon
 39878 | Depths:3 | 39878 ||| Stepping ~*~*~tactically~*~*~ (stealth).
 39880 | Depths:3 | Noticed a golden dragon
 39881 | Depths:3 | 39881 ||| Stepping ~*~*~tactically~*~*~ (hiding).
 39883 | Depths:3 | 39883 ||| INVOKING Heroism.
 39884 | Depths:3 | 39884 ||| INVOKING Finesse.
 39892 | Depths:3 | Killed a golden dragon
 39892 | Depths:3 | Identified the +3 kite shield of the Pits of Slime {Harm
                  | rElec rF- rC++} (Okawaru gifted it to you on level 3 of the
                  | Depths)
 39892 | Depths:3 | Received a gift from Okawaru
 39898 | Depths:3 | Killed a golden dragon
 39937 | Depths:3 | 39937 ||| Stepping ~*~*~tactically~*~*~ (hiding).
 39953 | Depths:3 | Noticed a golden dragon
 39954 | Depths:3 | 39954 ||| INVOKING Heroism.
 39955 | Depths:3 | 39955 ||| INVOKING Finesse.
 39968 | Depths:3 | Killed a golden dragon
 39977 | Depths:3 | 39977 ||| Stepping ~*~*~tactically~*~*~ (stealth).
 39978 | Depths:3 | 39978 ||| Stepping ~*~*~tactically~*~*~ (hiding).
 40038 | Depths:3 | 40038 ||| INVOKING Heroism.
 40124 | Depths:3 | Reached XP level 23. HP: 178/178 MP: 30/30
 40196 | Depths:3 | Found Homaum's Armour Shoppe.
 40210 | Depths:3 | 40210 ||| BUYING +2 crystal plate armour (1380 gold).
 40210 | Depths:3 | Bought a +2 crystal plate armour for 1380 gold pieces
 40210 | Depths:3 | 40210 ||| BUYING +3 pair of gloves of the Loofah {+Inv
                  | Dex+5} (660 gold).
 40210 | Depths:3 | Bought the +3 pair of gloves of the Loofah {+Inv Dex+5} for
                  | 660 gold pieces
 40212 | Depths:3 | Found a one-way gate to the infinite horrors of the Abyss.
 40239 | Depths:3 | 40239 ||| Stepping ~*~*~tactically~*~*~ (hiding).
 40240 | Depths:3 | 40240 ||| INVOKING Heroism.
 40242 | Depths:3 | 40242 ||| INVOKING Finesse.
 40254 | Depths:3 | 40254 ||| Stepping ~*~*~tactically~*~*~ (hiding).
 40271 | Depths:3 | 40271 ||| Stepping ~*~*~tactically~*~*~ (cloud).
 40272 | Depths:3 | 40272 ||| Stepping ~*~*~tactically~*~*~ (cloud).
 40281 | Depths:3 | Reached skill level 12 in Throwing
 40288 | Depths:3 | Noticed a golden dragon
 40289 | Depths:3 | 40289 ||| Stepping ~*~*~tactically~*~*~ (stealth).
 40332 | Depths:3 | 40332 ||| Stepping ~*~*~tactically~*~*~ (hiding).
 40336 | Depths:3 | 40336 ||| INVOKING Finesse.
 40349 | Depths:3 | 40349 ||| INVOKING Heroism.
 40364 | Depths:3 | Killed a golden dragon
 40380 | Depths:3 | 40380 ||| Stepping ~*~*~tactically~*~*~ (hiding).
 40404 | Depths:3 | Noticed a golden dragon
 40404 | Depths:3 | 40404 ||| INVOKING Finesse.
 40417 | Depths:3 | Killed a golden dragon
 40501 | Depths:3 | 40501 ||| INVOKING Heroism.
 40507 | Depths:3 | Received a gift from Okawaru
 40516 | Depths:3 | Noticed Saint Roka
 40548 | Depths:3 | Killed Saint Roka
 40552 | Depths:3 | Reached skill level 21 in Armour
 40555 | Depths:3 | Received a gift from Okawaru
 40575 | Depths:3 | 40575 ||| READING scroll of enchant armour.
 40575 | Depths:3 | 40575 ||| ENCHANTING +1 pair of boots.
 40620 | Depths:3 | 40620 ||| Stepping ~*~*~tactically~*~*~ (hiding).
 40621 | Depths:3 | 40621 ||| Stepping ~*~*~tactically~*~*~ (hiding).
 40632 | Depths:3 | 40632 ||| Stepping ~*~*~tactically~*~*~ (hiding).
 40635 | Depths:3 | 40635 ||| Stepping ~*~*~tactically~*~*~ (hiding).
 40682 | Depths:3 | 40682 ||| Stepping ~*~*~tactically~*~*~ (stealth).
 40683 | Depths:3 | 40683 ||| Stepping ~*~*~tactically~*~*~ (stealth).
 40720 | Depths:3 | 40720 ||| Stepping ~*~*~tactically~*~*~ (stealth).
 40727 | Depths:3 | 40727 ||| INVOKING Heroism.
 40801 | Depths:3 | Identified the +6 shortbow of Misery {vorpal, Int+4 Dex+4}
 40815 | Depths:3 | Noticed Boris
 40816 | Depths:3 | 40816 ||| INVOKING Heroism.
 40817 | Depths:3 | 40817 ||| INVOKING Finesse.
 40829 | Depths:3 | Killed Boris
 41187 | Depths:3 | 41187 ||| DROPPING +0 ice dragon scales.
 41188 | Depths:3 | 41188 ||| UPGRADING to +2 crystal plate armour.
 41198 | Depths:3 | 41198 ||| DROPPING +6 plate armour of Sif Muna's Anger
                  | {Int+3}.
 41199 | Depths:3 | 41199 ||| UPGRADING to +3 pair of gloves of the Loofah
                  | {+Inv Dex+5}.
 41209 | Depths:3 | 41209 ||| DROPPING +2 pair of gloves.
 41219 | Depths:4 | Entered Level 4 of the Depths
 41221 | Depths:4 | Noticed a juggernaut
 41222 | Depths:4 | 41222 ||| Stepping ~*~*~tactically~*~*~ (stealth).
 41224 | Depths:4 | 41224 ||| INVOKING Heroism.
 41225 | Depths:4 | 41225 ||| INVOKING Finesse.
 41242 | Depths:4 | Killed a juggernaut
 41242 | Depths:4 | Received a gift from Okawaru
 41276 | Depths:4 | 41276 ||| INVOKING Heroism.
 41299 | Depths:4 | 41299 ||| INVOKING Heroism.
 41331 | Depths:4 | 41331 ||| INVOKING Finesse.
 41335 | Depths:4 | 41335 ||| INVOKING Heroism.
 41354 | Depths:4 | Received a gift from Okawaru
 41408 | Depths:4 | 41408 ||| Stepping ~*~*~tactically~*~*~ (hiding).
 41546 | Depths:4 | 41546 ||| Stepping ~*~*~tactically~*~*~ (hiding).
 41547 | Depths:4 | 41547 ||| Stepping ~*~*~tactically~*~*~ (hiding).
 41565 | Depths:4 | 41565 ||| Stepping ~*~*~tactically~*~*~ (stealth).
 41571 | Depths:4 | 41571 ||| Stepping ~*~*~tactically~*~*~ (hiding).
 41572 | Depths:4 | 41572 ||| INVOKING Heroism.
 41573 | Depths:4 | 41573 ||| INVOKING Finesse.
 41608 | Depths:4 | Received a gift from Okawaru
 41628 | Depths:4 | 41628 ||| INVOKING Finesse.
 41710 | Depths:4 | 41710 ||| Stepping ~*~*~tactically~*~*~ (hiding).
 41711 | Depths:4 | 41711 ||| Stepping ~*~*~tactically~*~*~ (hiding).
 41721 | Depths:4 | 41721 ||| INVOKING Finesse.
 41732 | Depths:4 | 41732 ||| Stepping ~*~*~tactically~*~*~ (hiding).
 41759 | Depths:4 | 41759 ||| INVOKING Heroism.
 41797 | Depths:4 | 41797 ||| Stepping ~*~*~tactically~*~*~ (stealth).
 41799 | Depths:4 | 41799 ||| Stepping ~*~*~tactically~*~*~ (hiding).
 41803 | Depths:4 | 41803 ||| INVOKING Heroism.
 41828 | Depths:4 | Found a gate to the Realm of Zot.
 41854 | Depths:4 | 41854 ||| Stepping ~*~*~tactically~*~*~ (hiding).
 41855 | Depths:4 | 41855 ||| Stepping ~*~*~tactically~*~*~ (hiding).
 42089 | Depths:4 | Found an ancient bone altar of Kikubaaqudgha.
 42193 | Depths:4 | 42193 ||| PLANNING VAULTS:5
 42481 | Vaults:5 | Entered Level 5 of the Vaults
 42482 | Vaults:5 | 42482 ||| INVOKING Heroism.
 42483 | Vaults:5 | 42483 ||| STAIRDANCE
 42498 | Vaults:4 | Received a gift from Okawaru
 42503 | Vaults:5 | 42503 ||| STAIRDANCE
 42514 | Vaults:4 | Received a gift from Okawaru
 42521 | Vaults:5 | Noticed a dread lich
 42522 | Vaults:5 | 42522 ||| INVOKING Finesse.
 42530 | Vaults:5 | Reached XP level 24. HP: 184/184 MP: 25/30
 42548 | Vaults:5 | 42548 ||| STAIRDANCE
 42556 | Vaults:4 | Received a gift from Okawaru
 42557 | Vaults:4 | Reached skill level 9 in Dodging
 42572 | Vaults:4 | Killed a dread lich
 42638 | Vaults:5 | 42638 ||| STAIRDANCE
 42640 | Vaults:4 | 42640 ||| INVOKING Heroism.
 42674 | Vaults:5 | 42674 ||| STAIRDANCE
 42676 | Vaults:4 | 42676 ||| INVOKING Finesse.
 42683 | Vaults:4 | 42683 ||| INVOKING Heroism.
 42719 | Vaults:5 | 42719 ||| STAIRDANCE
 42731 | Vaults:4 | 42731 ||| INVOKING Heroism.
 42775 | Vaults:5 | 42775 ||| STAIRDANCE
 42788 | Vaults:5 | 42788 ||| STAIRDANCE
 42799 | Vaults:4 | Received a gift from Okawaru
 42804 | Vaults:4 | 42804 ||| DROPPING +3 broad axe of electrocution.
 42811 | Vaults:5 | 42811 ||| INVOKING Heroism.
 42812 | Vaults:5 | 42812 ||| INVOKING Finesse.
 42819 | Vaults:5 | HP: 26/185 [frost giant/bolt of cold (59)]
 42820 | Vaults:5 | 42820 ||| READING 23 scrolls of teleportation.
 42821 | Vaults:5 | 42821 ||| READING 22 scrolls of teleportation.
 42821 | Vaults:5 | Killed from afar by a deep elf annihilator

Levels and vault maps discovered:
D:1:      nicolae_arrival_somewhat_less_tricky_arrival, layout_loops_ring,
          shapermc_ecumenical_altar_totnotflames
D:2:      layout_basic
D:3:      kennysheep_six_static_rooms, layout_basic, lemuel_tele_altar,
          evilmike_ruin_ashenzari, serial_forest, infiniplex_forest_clump_large,
          infiniplex_forest_clump_long, infiniplex_forest_clump_C,
          infiniplex_forest_lined_room_3, infiniplex_forest_clump_tiny,
          infiniplex_forest_pool, infiniplex_forest_lined_3,
          chequers_mini_garden, hangedman_abyss_or_decor_stabs
D:4:      layout_gridville, dk_xom_monty_hall, lightli_temple_of_fire,
          minmay_temple_entry_purple_smoke, kennysheep_nondescript, st_stairs_6
D:5:      layout_cave_pools, kennysheep_mini_moat, jmf_multi_god_temple2,
          slow_altar_1, nicolae_ossuary_entry_false_entrances, uniq_duvessa,
          uniq_ijyb, uniq_menkaure
D:6:      nicolae_cairo_tiling_large_dashed, layout_loops_cross,
          elyvilon_altar_1, serial_shops, nicolae_stop_n_shop_1,
          grunt_ministairs_2, hangedman_abyss_or_decor_passed,
          kennysheep_cross_room
D:7:      layout_rooms
D:8:      layout_basic, nicolae_dithmenos_shadow_blocks,
          nzn_wu_jian_council_hall, mainiacjoe_overflow_catch_the_wave,
          lemuel_crystal_altar, enter_bailey_3, uniq_erica
D:9:      layout_loops_ring, nicolae_uskayaw_en_pointe, lemuel_round_altar
D:10:     layout_roguey, grunt_lair_entry_orc_guard_hut, minmay_misc_feat_roman
D:11:     minmay_the_grid_octo_tiled_octocenter [minmay_the_grid_octo_empty,
          minmay_the_grid_octo_clover, minmay_the_grid_octo_chip,
          minmay_the_grid_octo_tetromino_candy,
          minmay_the_grid_octo_prize_ultimate_mussel_roller,
          minmay_the_grid_square_5x5_dogpile, minmay_the_grid_square_5x5_meh,
          minmay_the_grid_square_5x5_misaligned,
          minmay_the_grid_square_5x5_beaten_path], layout_gridville,
          david_orc_3, serial_shops, kennysheep_little_box,
          nicolae_trove_entry_crossroad, kennysheep_minor_cross, uniq_grum,
          uniq_fannar
D:12:     layout_big_octagon, einodemon_barbed_minivault
D:13:     layout_loops_cross, david_vaults_5, serial_shops,
          nicolae_shop_waterfront, uniq_rupert
D:14:     layout_cave_pools, okawaru_trees_2, gauntlet_entry_generic
D:15:     hangedman_depths_entry_try_elsewhere_first, layout_cave_pools,
          minmay_misc_feat_secret_circle, nicolae_water_bricks, uniq_kirke
Temple:   nicolae_temple_two_arcs
Lair:1:   layout_loops_ring, portal_ice_cave_entry_pillars_1,
          lemuel_fruit_fields
Lair:2:   layout_long_grid, grunt_megastairs_4
Lair:3:   layout_small_grid, skrybe_swamp_entry_bodies,
          guppyfry_snake_entry_island, gammafunk_ghost_wrathful_warriors,
          uniq_gastronok
Lair:4:   layout_cave_pods, nicolae_volcano_entry_hallway, ebering_ghost_xom
Lair:5:   due_jungle_book, layout_loops_ring, slime_entry_2,
          chequers_serial_rivers_large_a, serial_bayou_shore_a
Swamp:1:  gammafunk_mikee_crab_dinner, layout_basic_swamp,
          evilmike_swamp_ruin_house_1
Swamp:2:  layout_basic_swamp, serial_swamp_ruin, evilmike_swamp_ruin_house_5,
          evilmike_swamp_ruin_house_4, evilmike_swamp_ruin_house_2
Swamp:3:  layout_basic_swamp, evilmike_swamp_ruin_house_6, swamp_pool4,
          nicolae_swamp_little_swirl
Swamp:4:  swamp_alternative, layout_basic_swamp
Snake:1:  layout_onion_interference
Snake:2:  layout_layer_cave, special_room, grunt_megastairs_5, uniq_mlioglotl
Snake:3:  gammafunk_its_a_trap, layout_chambers,
          nicolae_snake_round_shape_thing, nicolae_snake_storage_room,
          uniq_mara, uniq_aizul
Snake:4:  grunt_snake_rune_pools, layout_cave_pods, serial_shops,
          nicolae_shop_statue_plus, minmay_shop_grove, lemuel_fruit_tree,
          uniq_louise
Orc:1:    layout_caves, basic_altar
Orc:2:    st_orc_congregation, layout_caves, uniq_maurice
Vaults:1: v_misc_2, vaults_mumra_hexcomb, v_misc_12, v_pattern_1, v_rooms_1,
          v_alt_pattern_6, layout_vaults_quadrants, serial_shops,
          nicolae_lakefront_shop
Vaults:2: vaults_room_boxed, vaults_room_door_hall, hangedman_vaults_slice,
          v_misc_13, minmay_crypt_entry_necro_gods, hangedman_vaults_impose,
          ontoclasm_vaults_decontamination, nicolae_vaults_yaktaur_gun_rack,
          serial_ice_g, layout_vaults_big_room
Vaults:3: v_pattern_2, dpeg_vaults_monster_row, v_misc_10, vaults_dpeg_ring,
          hangedman_vaults_capsules, hangedman_vaults_restitches,
          hangedman_vaults_stream, v_alt_pattern_1, layout_vaults_ring
Vaults:4: grunt_vaults_trifunnel, nicolae_vaults_alarming, v_rooms_3,
          dpeg_vaults_monster_box, emtedronai_trogs_sanctum,
          nicolae_vaults_puzzle_piece, nicolae_vaults_network_s,
          grunt_vaults_bifocal, v_alt_pattern_4, v_misc_23,
          layout_vaults_omnibox, serial_shops, shop
Vaults:5: uniq_xtahua
Depths:1: layout_gridlike, enter_ziggurat_b, patterned_corridor,
          mu_enter_wizlab_2, hell_entry, nicolae_ru_great_annihilating_truth
Depths:2: dreamdust_merry_men, layout_cave_pools, rand_demon_pan_entry_8,
          hell_entry, nicolae_twisting_strands
Depths:3: minmay_octagon_city, layout_cave_shapes, pf_coc_iceberg,
          abyss_entry_glasseish, serial_shops, nicolae_shop_stone, uniq_boris,
          uniq_frederick, uniq_vv, uniq_saint_roka
Depths:4: grunt_zot_entry_tricorne, layout_cave_pools, minmay_misc_feat_square,
          hell_entry, rand_demon_pan_entry_4, lemuel_zombie_altar_kikubaaqudgha

Skill      XL: |  1  2  3  4  5  6  7  8  9 10 11 12 13 14 15 16 17 18 19 20 21 22 23 24 |
---------------+-------------------------------------------------------------------------+-----
Axes           | 2 3 4 5 6 7 9 10 11 12 13 14 16 17 18 | 18.0
Fighting       | 4 5 6 8 9 10 11 12 13 14 15 17 18 20 22 | 22.7
Dodging        | 1 2 3 4 5 6 8 9 |  9.0
Armour         | 4 5 8 10 11 12 13 14 16 17 19 20 22 | 22.0
Shields        | 4 5 6 7 8 10 16 18 19 | 19.8
Throwing       | 1 2 3 4 5 7 8 9 10 11 13 | 13.0
Invocations    | 4 5 9 10 | 10.0

Action                   |  1- 3 |  4- 6 |  7- 9 | 10-12 | 13-15 | 16-18 | 19-21 | 22-24 || total
-------------------------+-------+-------+-------+-------+-------+-------+-------+-------++-------
Melee: War axe           |    79 |   102 |   327 |   473 |   159 |       |       |       ||  1140
       Morningstar       |       |       |       |     4 |    25 |       |       |       ||    29
       Broad axe         |       |       |       |       |   835 |  1634 |  1595 |  1125 ||  5189
Throw: Boomerang         |       |       |     4 |    54 |    36 |     5 |    46 |    20 ||   165
       Javelin           |       |       |       |     9 |    37 |    67 |   111 |    64 ||   288
Invok: Heroism           |       |       |       |    24 |    36 |    42 |    42 |    30 ||   174
       Finesse           |       |       |       |     2 |    13 |     6 |    13 |    18 ||    52
  Use: Scroll            |     9 |     7 |     6 |    10 |     6 |     6 |     3 |     4 ||    51
       Potion            |     1 |       |     6 |       |       |     4 |     1 |     1 ||    13
 Stab: Confused          |       |       |       |       |       |     2 |       |       ||     2
       Petrified         |       |       |       |       |       |       |       |     4 ||     4
       Petrifying        |       |       |       |       |       |       |       |     1 ||     1
Armor: Scale mail        |    29 |    19 |       |       |       |       |       |       ||    48
       Chain mail        |       |    18 |   218 |    69 |       |       |       |       ||   305
       Plate armour      |       |       |       |   113 |   446 |   907 |   935 |   144 ||  2545
       Crystal plate arm |       |       |       |       |       |       |       |   189 ||   189
Dodge: Dodged            |    23 |    32 |    97 |   149 |   292 |   662 |   485 |   144 ||  1884
Block: Buckler           |     8 |    11 |    42 |    99 |   253 |   175 |       |       ||   588
       Tower shield      |       |       |       |       |       |  1169 |   946 |       ||  2115
       Reflection        |       |       |       |       |       |       |   105 |    27 ||   132
       Kite shield       |       |       |       |       |       |       |  1034 |  1135 ||  2169

Table legend:
 A = Non-vault XP
 B = Vault XP
 C = Vault XP percentage of total XP
 D = Non-vault monster count
 E = Vault monster count
 F = Vault count percentage of total count
                 A         B        C        D         E       F
            +---------+---------+-------+---------+---------+-------
      Total |  493336 |  380185 |  43.5 |    1102 |     620 |  36.0
            +---------+---------+-------+---------+---------+-------
        D:1 |      33 |       0 |   0.0 |      14 |       0 |   0.0
        D:2 |      43 |       0 |   0.0 |      14 |       0 |   0.0
        D:3 |      49 |      33 |  40.2 |      21 |       6 |  22.2
        D:4 |     458 |      90 |  16.4 |      19 |       3 |  13.6
        D:5 |     729 |     250 |  25.5 |      16 |       3 |  15.8
        D:6 |     974 |     133 |  12.0 |      17 |       1 |   5.6
        D:7 |    1482 |       0 |   0.0 |      32 |       0 |   0.0
        D:8 |    2068 |     838 |  28.8 |      22 |       5 |  18.5
        D:9 |    2240 |       0 |   0.0 |       5 |       0 |   0.0
       D:10 |    1285 |     640 |  33.2 |      11 |       5 |  31.2
       D:11 |    3931 |   12002 |  75.3 |      19 |      43 |  69.4
       D:12 |    8903 |    2726 |  23.4 |      26 |       9 |  25.7
       D:13 |    4389 |    2682 |  37.9 |      23 |       2 |   8.0
       D:14 |    7995 |       0 |   0.0 |      19 |       0 |   0.0
       D:15 |   14893 |    4499 |  23.2 |      31 |       7 |  18.4
     Lair:1 |    2370 |       0 |   0.0 |      10 |       0 |   0.0
     Lair:2 |    5654 |    1136 |  16.7 |      26 |       5 |  16.1
     Lair:3 |    8351 |    2535 |  23.3 |      33 |       4 |  10.8
     Lair:4 |    6775 |       0 |   0.0 |      23 |       0 |   0.0
     Lair:5 |   13405 |   12922 |  49.1 |      55 |      28 |  33.7
    Swamp:1 |   18273 |       0 |   0.0 |      34 |       0 |   0.0
    Swamp:2 |    5438 |       0 |   0.0 |      10 |       0 |   0.0
    Swamp:3 |   11728 |       0 |   0.0 |      20 |       0 |   0.0
    Swamp:4 |   10725 |   18585 |  63.4 |      18 |      29 |  61.7
    Snake:1 |   22086 |       0 |   0.0 |      45 |       0 |   0.0
    Snake:2 |   23486 |    5101 |  17.8 |      53 |       6 |  10.2
    Snake:3 |   25399 |   14744 |  36.7 |      58 |      23 |  28.4
    Snake:4 |   31201 |   29433 |  48.5 |      55 |      39 |  41.5
      Orc:1 |    3789 |       0 |   0.0 |      50 |       0 |   0.0
      Orc:2 |    1846 |   12039 |  86.7 |      16 |      79 |  83.2
   Vaults:1 |   23384 |   15921 |  40.5 |      34 |      23 |  40.4
   Vaults:2 |   34855 |   11695 |  25.1 |      47 |      24 |  33.8
   Vaults:3 |   17208 |   30171 |  63.7 |      27 |      35 |  56.5
   Vaults:4 |   51199 |   38654 |  43.0 |      63 |      46 |  42.2
   Vaults:5 |    2885 |   14564 |  83.5 |       5 |      13 |  72.2
   Depths:1 |   30498 |      51 |   0.2 |      34 |       4 |  10.5
   Depths:2 |   14060 |   12540 |  47.1 |      17 |      15 |  46.9
   Depths:3 |   33721 |  115154 |  77.3 |      34 |      95 |  73.6
   Depths:4 |   45528 |   16942 |  27.1 |      46 |      18 |  28.1
    Ossuary |       0 |     493 | 100.0 |       0 |      38 | 100.0
   Gauntlet |       0 |    3612 | 100.0 |       0 |      12 | 100.0
            +---------+---------+-------+---------+---------+-------
